Workbook
Name camion_tonnage: Données!$H$2:$H$8
Name catégorie: Données!$L$2:$L$11
Name contaminant_des_sites: Données!$J$2:$J$30
Name ech: T_ECHANTILLONS[Analyses fréquemment demandées]
Name echprix: T_ECHANTILLONS[$/unitaire]
Name echQte: T_ECHANTILLONS[Qte]
Name echtotal: T_ECHANTILLONS[TOTAL]
Name for: Forage!$D$2:$D$56
Name forhr: Forage!$G$2:$G$56
Name forprix: Forage!$J$2:$J$56
Name forQTE: Forage!$F$2:$F$56
Name forTOTAL: Forage!$K$2:$K$57
Name LST_MACHINERIES: TREF_MACHINERIES[machineire]
Name LST_PROFONDEURS: TREF_PROFONDEURS[Profondeur]
Name LST_REF_TRAVAUX: T_TRAVAUX['#]
Name LST_RISQUES: T_RISQUES[Risque associés / échantillon]
Name LST_RVMNT_FORAGE: TREF_RVTMNT_FORAGE[Revêtement du forage]
Name LST_TYPES_FORAGE: TREF_TYPES_FORAGE[Type de forage]
Name prof_des_échantillons: Données!$N$2:$N$130
Name programme: 'Plan d''échantillonage'!$A$7:$G$26
Name rap: 'Rapport et gestion'!$A$2:$A$16
Name rapprix: 'Rapport et gestion'!$F$2:$F$16
Name rapQTE: 'Rapport et gestion'!$C$2:$C$16
Name raptotal: 'Rapport et gestion'!$G$2:$G$16
Name res_2: Résumé!$A$1:$E$138
Name res_3: Résumé!$F$1:$J$70
Name résumé_des_couts: Résumé!$F$24:$F$29
Name résumé_des_coutstotal: Résumé!$J$24:$J$30
Name risque_liste: 'Plan d''échantillonage'!$B$33:$B$52
Name site_de_gestion_des_sols: Données!$D$2:$D$15
Name TYPE: Données!$N$2:$N$30
Name type_de_chantier: Données!$B$2:$B$30

Sheet Travaux
B6: Type | C6: Qte | D6: KM(+50km)
B7: Technicien | C7: 2
B8: Équipe de forage | C8: 1
B9: Équipe milieu naturel | C9: 0
B10: Chargé de projet | C10: 0
B13: Type | C13: Qte ''forage et puit''
B14: Régulier
B15: MELCC
B16: Puit d'observation
A19: Travaux | G19: Risques associés
A21: # | B21: Type de forage | C21: Revêtement du forage | D21: Machinerie | E21: Profondeur | G21: # | H21: Intitulé travaux | I21: N° risque | J21: Risque | K21: Nbre échantillons
A22: F-01 | B22: Forage mécanique | C22: Béton | D22: Foreuse 540 (ENVIROSOL) | E22: 16' | G22: F-01 | H22: =IF(T_TRAV_RISQUES[[#This Row],['#]]<>"",_xlfn.TEXTJOIN(" / ",TRUE,OFFSET(T_TRAVAUX[[#Headers],[Type de forage]:[Profondeur]],MATCH(T_TRAV_RISQUES[[#This Row],['#]],T_TRAVAUX['#],0),0)),"") -> Forage mécanique / Béton / Foreuse 540 (ENVIROSOL) / 16' | I22: 1 | J22: Présence de terrains potentiellement contaminé a proxcimité du site | K22: 2
A23: F-02 | B23: Forage mécanique | C23: Asphalte | D23: Foreuse 540 (ENVIROSOL) | E23: 16' | G23: F-01 | H23: =IF(T_TRAV_RISQUES[[#This Row],['#]]<>"",_xlfn.TEXTJOIN(" / ",TRUE,OFFSET(T_TRAVAUX[[#Headers],[Type de forage]:[Profondeur]],MATCH(T_TRAV_RISQUES[[#This Row],['#]],T_TRAVAUX['#],0),0)),"") -> Forage mécanique / Béton / Foreuse 540 (ENVIROSOL) / 16' | I23: 2 | J23: DUPLICATA | K23: 1
A24: F-03 | B24: Forage mécanique | C24: Naturel | D24: Foreuse 540 (ENVIROSOL) | E24: 16' | G24: F-02 | H24: =IF(T_TRAV_RISQUES[[#This Row],['#]]<>"",_xlfn.TEXTJOIN(" / ",TRUE,OFFSET(T_TRAVAUX[[#Headers],[Type de forage]:[Profondeur]],MATCH(T_TRAV_RISQUES[[#This Row],['#]],T_TRAVAUX['#],0),0)),"") -> Forage mécanique / Asphalte / Foreuse 540 (ENVIROSOL) / 16' | I24: 1 | J24: Présence d'un puit de mécanique | K24: 2
G25: F-03 | H25: =IF(T_TRAV_RISQUES[[#This Row],['#]]<>"",_xlfn.TEXTJOIN(" / ",TRUE,OFFSET(T_TRAVAUX[[#Headers],[Type de forage]:[Profondeur]],MATCH(T_TRAV_RISQUES[[#This Row],['#]],T_TRAVAUX['#],0),0)),"") -> Forage mécanique / Naturel / Foreuse 540 (ENVIROSOL) / 16' | I25: 1 | J25: Présence réservoir de mazout | K25: 1
G26: F-03 | H26: =IF(T_TRAV_RISQUES[[#This Row],['#]]<>"",_xlfn.TEXTJOIN(" / ",TRUE,OFFSET(T_TRAVAUX[[#Headers],[Type de forage]:[Profondeur]],MATCH(T_TRAV_RISQUES[[#This Row],['#]],T_TRAVAUX['#],0),0)),"") -> Forage mécanique / Naturel / Foreuse 540 (ENVIROSOL) / 16' | I26: 2 | J26: Activités de soutien au transport feroviaire
G27: F-03 | H27: =IF(T_TRAV_RISQUES[[#This Row],['#]]<>"",_xlfn.TEXTJOIN(" / ",TRUE,OFFSET(T_TRAVAUX[[#Headers],[Type de forage]:[Profondeur]],MATCH(T_TRAV_RISQUES[[#This Row],['#]],T_TRAVAUX['#],0),0)),"") -> Forage mécanique / Naturel / Foreuse 540 (ENVIROSOL) / 16' | I27: 3 | J27: Présence de matière potentiellement contaminé sur le site | K27: 1

Sheet Échantillon
A1: Analyse chimique des échantillons
A2: Paramètre d'analyse
A3: Analyses fréquemment demandées | B3: Qte | C3: matrice | D3: coutant | E3: S/Total | F3: profit | G3: $/unitaire | H3: TOTAL
A4: Métaux | B4: =VLOOKUP(T_ECHANTILLONS[[#This Row],[Analyses fréquemment demandées]],Calculs!$A$5:$AQ$64,2,FALSE) -> 7 | C4: sol/eau | D4: 40 | E4: =T_ECHANTILLONS[[#This Row],[Qte]]*T_ECHANTILLONS[[#This Row],[coutant]] -> 280 | F4: 0.15 | G4: =ROUND(T_ECHANTILLONS[[#This Row],[coutant]]*(1+T_ECHANTILLONS[[#This Row],[profit]]),2) -> 46 | H4: =T_ECHANTILLONS[[#This Row],[Qte]]*T_ECHANTILLONS[[#This Row],[$/unitaire]] -> 322
A5: C10C50 | B5: =VLOOKUP(T_ECHANTILLONS[[#This Row],[Analyses fréquemment demandées]],Calculs!$A$5:$AQ$64,2,FALSE) -> 7 | C5: sol | D5: 44.5 | E5: =T_ECHANTILLONS[[#This Row],[Qte]]*T_ECHANTILLONS[[#This Row],[coutant]] -> 311.5 | F5: 0.15 | G5: =ROUND(T_ECHANTILLONS[[#This Row],[coutant]]*(1+T_ECHANTILLONS[[#This Row],[profit]]),2) -> 51.18 | H5: =T_ECHANTILLONS[[#This Row],[Qte]]*T_ECHANTILLONS[[#This Row],[$/unitaire]] -> 358.26
A6: HAP | B6: =VLOOKUP(T_ECHANTILLONS[[#This Row],[Analyses fréquemment demandées]],Calculs!$A$5:$AQ$64,2,FALSE) -> 7 | C6: sol | D6: 68 | E6: =T_ECHANTILLONS[[#This Row],[Qte]]*T_ECHANTILLONS[[#This Row],[coutant]] -> 476 | F6: 0.15 | G6: =ROUND(T_ECHANTILLONS[[#This Row],[coutant]]*(1+T_ECHANTILLONS[[#This Row],[profit]]),2) -> 78.2 | H6: =T_ECHANTILLONS[[#This Row],[Qte]]*T_ECHANTILLONS[[#This Row],[$/unitaire]] -> 547.4
A7: COV-HAM-HAC | B7: =VLOOKUP(T_ECHANTILLONS[[#This Row],[Analyses fréquemment demandées]],Calculs!$A$5:$AQ$64,2,FALSE) -> 5 | C7: sol/eau | D7: 68 | E7: =T_ECHANTILLONS[[#This Row],[Qte]]*T_ECHANTILLONS[[#This Row],[coutant]] -> 340 | F7: 0.15 | G7: =ROUND(T_ECHANTILLONS[[#This Row],[coutant]]*(1+T_ECHANTILLONS[[#This Row],[profit]]),2) -> 78.2 | H7: =T_ECHANTILLONS[[#This Row],[Qte]]*T_ECHANTILLONS[[#This Row],[$/unitaire]] -> 391
A8: C-Phélonique | B8: =VLOOKUP(T_ECHANTILLONS[[#This Row],[Analyses fréquemment demandées]],Calculs!$A$5:$AQ$64,2,FALSE) -> 0 | C8: sol/eau | D8: 83 | E8: =T_ECHANTILLONS[[#This Row],[Qte]]*T_ECHANTILLONS[[#This Row],[coutant]] -> 0 | F8: 0.15 | G8: =ROUND(T_ECHANTILLONS[[#This Row],[coutant]]*(1+T_ECHANTILLONS[[#This Row],[profit]]),2) -> 95.45 | H8: =T_ECHANTILLONS[[#This Row],[Qte]]*T_ECHANTILLONS[[#This Row],[$/unitaire]] -> 0
A9: Coli-phéco | B9: =VLOOKUP(T_ECHANTILLONS[[#This Row],[Analyses fréquemment demandées]],Calculs!$A$5:$AQ$64,2,FALSE) -> 0 | C9: eau potable | D9: 21.5 | E9: =T_ECHANTILLONS[[#This Row],[Qte]]*T_ECHANTILLONS[[#This Row],[coutant]] -> 0 | F9: 0.15 | G9: =ROUND(T_ECHANTILLONS[[#This Row],[coutant]]*(1+T_ECHANTILLONS[[#This Row],[profit]]),2) -> 24.73 | H9: =T_ECHANTILLONS[[#This Row],[Qte]]*T_ECHANTILLONS[[#This Row],[$/unitaire]] -> 0
A10: Entérocoques | B10: =VLOOKUP(T_ECHANTILLONS[[#This Row],[Analyses fréquemment demandées]],Calculs!$A$5:$AQ$64,2,FALSE) -> 0 | C10: eau potable | D10: 14.5 | E10: =T_ECHANTILLONS[[#This Row],[Qte]]*T_ECHANTILLONS[[#This Row],[coutant]] -> 0 | F10: 0.15 | G10: =ROUND(T_ECHANTILLONS[[#This Row],[coutant]]*(1+T_ECHANTILLONS[[#This Row],[profit]]),2) -> 16.68 | H10: =T_ECHANTILLONS[[#This Row],[Qte]]*T_ECHANTILLONS[[#This Row],[$/unitaire]] -> 0
A11: bromur-chlorure-fluorure-nitrate-sulfate eau | B11: =VLOOKUP(T_ECHANTILLONS[[#This Row],[Analyses fréquemment demandées]],Calculs!$A$5:$AQ$64,2,FALSE) -> 0 | C11: sol/eau | D11: 27.5 | E11: =T_ECHANTILLONS[[#This Row],[Qte]]*T_ECHANTILLONS[[#This Row],[coutant]] -> 0 | F11: 0.15 | G11: =ROUND(T_ECHANTILLONS[[#This Row],[coutant]]*(1+T_ECHANTILLONS[[#This Row],[profit]]),2) -> 31.63 | H11: =T_ECHANTILLONS[[#This Row],[Qte]]*T_ECHANTILLONS[[#This Row],[$/unitaire]] -> 0
A12: bromur-chlorure-fluorure-nitrate-sulfate | B12: =VLOOKUP(T_ECHANTILLONS[[#This Row],[Analyses fréquemment demandées]],Calculs!$A$5:$AQ$64,2,FALSE) -> 0 | C12: sol/eau | D12: 33 | E12: =T_ECHANTILLONS[[#This Row],[Qte]]*T_ECHANTILLONS[[#This Row],[coutant]] -> 0 | F12: 0.15 | G12: =ROUND(T_ECHANTILLONS[[#This Row],[coutant]]*(1+T_ECHANTILLONS[[#This Row],[profit]]),2) -> 37.95 | H12: =T_ECHANTILLONS[[#This Row],[Qte]]*T_ECHANTILLONS[[#This Row],[$/unitaire]] -> 0
A13: Azote ammoniacal | B13: =VLOOKUP(T_ECHANTILLONS[[#This Row],[Analyses fréquemment demandées]],Calculs!$A$5:$AQ$64,2,FALSE) -> 0 | C13: sol/eau | D13: 36.5 | E13: =T_ECHANTILLONS[[#This Row],[Qte]]*T_ECHANTILLONS[[#This Row],[coutant]] -> 0 | F13: 0.15 | G13: =ROUND(T_ECHANTILLONS[[#This Row],[coutant]]*(1+T_ECHANTILLONS[[#This Row],[profit]]),2) -> 41.98 | H13: =T_ECHANTILLONS[[#This Row],[Qte]]*T_ECHANTILLONS[[#This Row],[$/unitaire]] -> 0
A14: Azote ammoniacal eau | B14: =VLOOKUP(T_ECHANTILLONS[[#This Row],[Analyses fréquemment demandées]],Calculs!$A$5:$AQ$64,2,FALSE) -> 0 | C14: eau | D14: 20 | E14: =T_ECHANTILLONS[[#This Row],[Qte]]*T_ECHANTILLONS[[#This Row],[coutant]] -> 0 | F14: 0.15 | G14: =ROUND(T_ECHANTILLONS[[#This Row],[coutant]]*(1+T_ECHANTILLONS[[#This Row],[profit]]),2) -> 23 | H14: =T_ECHANTILLONS[[#This Row],[Qte]]*T_ECHANTILLONS[[#This Row],[$/unitaire]] -> 0
A15: Azote Kjeldahl | B15: =VLOOKUP(T_ECHANTILLONS[[#This Row],[Analyses fréquemment demandées]],Calculs!$A$5:$AQ$64,2,FALSE) -> 0 | C15: sol | D15: 25.5 | E15: =T_ECHANTILLONS[[#This Row],[Qte]]*T_ECHANTILLONS[[#This Row],[coutant]] -> 0 | F15: 0.15 | G15: =ROUND(T_ECHANTILLONS[[#This Row],[coutant]]*(1+T_ECHANTILLONS[[#This Row],[profit]]),2) -> 29.33 | H15: =T_ECHANTILLONS[[#This Row],[Qte]]*T_ECHANTILLONS[[#This Row],[$/unitaire]] -> 0
... A30: HAP eau | B30: =VLOOKUP(T_ECHANTILLONS[[#This Row],[Analyses fréquemment demandées]],Calculs!$A$5:$AQ$64,2,FALSE) -> 0 | C30: sol/eau | D30: 240.9 | E30: =T_ECHANTILLONS[[#This Row],[Qte]]*T_ECHANTILLONS[[#This Row],[coutant]] -> 0 | F30: 0.15 | G30: =ROUND(T_ECHANTILLONS[[#This Row],[coutant]]*(1+T_ECHANTILLONS[[#This Row],[profit]]),2) -> 277.04 | H30: =T_ECHANTILLONS[[#This Row],[Qte]]*T_ECHANTILLONS[[#This Row],[$/unitaire]] -> 0
A31: BTEX | B31: =VLOOKUP(T_ECHANTILLONS[[#This Row],[Analyses fréquemment demandées]],Calculs!$A$5:$AQ$64,2,FALSE) -> 0 | E31: =T_ECHANTILLONS[[#This Row],[Qte]]*T_ECHANTILLONS[[#This Row],[coutant]] -> 0 | F31: 0.15 | G31: =ROUND(T_ECHANTILLONS[[#This Row],[coutant]]*(1+T_ECHANTILLONS[[#This Row],[profit]]),2) -> 0 | H31: =T_ECHANTILLONS[[#This Row],[Qte]]*T_ECHANTILLONS[[#This Row],[$/unitaire]] -> 0
A32: HAM | B32: =VLOOKUP(T_ECHANTILLONS[[#This Row],[Analyses fréquemment demandées]],Calculs!$A$5:$AQ$64,2,FALSE) -> 0 | C32: eau | D32: 23 | E32: =T_ECHANTILLONS[[#This Row],[Qte]]*T_ECHANTILLONS[[#This Row],[coutant]] -> 0 | F32: 0.15 | G32: =ROUND(T_ECHANTILLONS[[#This Row],[coutant]]*(1+T_ECHANTILLONS[[#This Row],[profit]]),2) -> 26.45 | H32: =T_ECHANTILLONS[[#This Row],[Qte]]*T_ECHANTILLONS[[#This Row],[$/unitaire]] -> 0
A33: BPC | B33: =VLOOKUP(T_ECHANTILLONS[[#This Row],[Analyses fréquemment demandées]],Calculs!$A$5:$AQ$64,2,FALSE) -> 0 | C33: sol | D33: 44.5 | E33: =T_ECHANTILLONS[[#This Row],[Qte]]*T_ECHANTILLONS[[#This Row],[coutant]] -> 0 | F33: 0.15 | G33: =ROUND(T_ECHANTILLONS[[#This Row],[coutant]]*(1+T_ECHANTILLONS[[#This Row],[profit]]),2) -> 51.18 | H33: =T_ECHANTILLONS[[#This Row],[Qte]]*T_ECHANTILLONS[[#This Row],[$/unitaire]] -> 0
A34: BPC aroclor | B34: =VLOOKUP(T_ECHANTILLONS[[#This Row],[Analyses fréquemment demandées]],Calculs!$A$5:$AQ$64,2,FALSE) -> 0 | C34: eau | D34: 26.5 | E34: =T_ECHANTILLONS[[#This Row],[Qte]]*T_ECHANTILLONS[[#This Row],[coutant]] -> 0 | F34: 0.15 | G34: =ROUND(T_ECHANTILLONS[[#This Row],[coutant]]*(1+T_ECHANTILLONS[[#This Row],[profit]]),2) -> 30.48 | H34: =T_ECHANTILLONS[[#This Row],[Qte]]*T_ECHANTILLONS[[#This Row],[$/unitaire]] -> 0
A35: Dioxine-furane | B35: =VLOOKUP(T_ECHANTILLONS[[#This Row],[Analyses fréquemment demandées]],Calculs!$A$5:$AQ$64,2,FALSE) -> 0 | C35: eau | D35: 52.5 | E35: =T_ECHANTILLONS[[#This Row],[Qte]]*T_ECHANTILLONS[[#This Row],[coutant]] -> 0 | F35: 0.15 | G35: =ROUND(T_ECHANTILLONS[[#This Row],[coutant]]*(1+T_ECHANTILLONS[[#This Row],[profit]]),2) -> 60.38 | H35: =T_ECHANTILLONS[[#This Row],[Qte]]*T_ECHANTILLONS[[#This Row],[$/unitaire]] -> 0
A36: Oxygène dissous | B36: =VLOOKUP(T_ECHANTILLONS[[#This Row],[Analyses fréquemment demandées]],Calculs!$A$5:$AQ$64,2,FALSE) -> 0 | C36: sol/eau | D36: 21 | E36: =T_ECHANTILLONS[[#This Row],[Qte]]*T_ECHANTILLONS[[#This Row],[coutant]] -> 0 | F36: 0.15 | G36: =ROUND(T_ECHANTILLONS[[#This Row],[coutant]]*(1+T_ECHANTILLONS[[#This Row],[profit]]),2) -> 24.15 | H36: =T_ECHANTILLONS[[#This Row],[Qte]]*T_ECHANTILLONS[[#This Row],[$/unitaire]] -> 0
A37: Chlore total | B37: =VLOOKUP(T_ECHANTILLONS[[#This Row],[Analyses fréquemment demandées]],Calculs!$A$5:$AQ$64,2,FALSE) -> 0 | C37: eau | D37: 77.5 | E37: =T_ECHANTILLONS[[#This Row],[Qte]]*T_ECHANTILLONS[[#This Row],[coutant]] -> 0 | F37: 0.15 | G37: =ROUND(T_ECHANTILLONS[[#This Row],[coutant]]*(1+T_ECHANTILLONS[[#This Row],[profit]]),2) -> 89.13 | H37: =T_ECHANTILLONS[[#This Row],[Qte]]*T_ECHANTILLONS[[#This Row],[$/unitaire]] -> 0
A38: Toxicité des truites concentration multiple eau | B38: =VLOOKUP(T_ECHANTILLONS[[#This Row],[Analyses fréquemment demandées]],Calculs!$A$5:$AQ$64,2,FALSE) -> 0 | C38: sol/eau | D38: 52.5 | E38: =T_ECHANTILLONS[[#This Row],[Qte]]*T_ECHANTILLONS[[#This Row],[coutant]] -> 0 | F38: 0.15 | G38: =ROUND(T_ECHANTILLONS[[#This Row],[coutant]]*(1+T_ECHANTILLONS[[#This Row],[profit]]),2) -> 60.38 | H38: =T_ECHANTILLONS[[#This Row],[Qte]]*T_ECHANTILLONS[[#This Row],[$/unitaire]] -> 0
A39: Toxicité des daphnies eau | B39: =VLOOKUP(T_ECHANTILLONS[[#This Row],[Analyses fréquemment demandées]],Calculs!$A$5:$AQ$64,2,FALSE) -> 0 | C39: sol/eau | D39: 52.5 | E39: =T_ECHANTILLONS[[#This Row],[Qte]]*T_ECHANTILLONS[[#This Row],[coutant]] -> 0 | F39: 0.15 | G39: =ROUND(T_ECHANTILLONS[[#This Row],[coutant]]*(1+T_ECHANTILLONS[[#This Row],[profit]]),2) -> 60.38 | H39: =T_ECHANTILLONS[[#This Row],[Qte]]*T_ECHANTILLONS[[#This Row],[$/unitaire]] -> 0
A40: Pesticides glyphosates | B40: =VLOOKUP(T_ECHANTILLONS[[#This Row],[Analyses fréquemment demandées]],Calculs!$A$5:$AQ$64,2,FALSE) -> 0 | C40: sol/eau | D40: 124.1 | E40: =T_ECHANTILLONS[[#This Row],[Qte]]*T_ECHANTILLONS[[#This Row],[coutant]] -> 0 | F40: 0.15 | G40: =ROUND(T_ECHANTILLONS[[#This Row],[coutant]]*(1+T_ECHANTILLONS[[#This Row],[profit]]),2) -> 142.72 | H40: =T_ECHANTILLONS[[#This Row],[Qte]]*T_ECHANTILLONS[[#This Row],[$/unitaire]] -> 0
A41: HAC | B41: =VLOOKUP(T_ECHANTILLONS[[#This Row],[Analyses fréquemment demandées]],Calculs!$A$5:$AQ$64,2,FALSE) -> 0 | C41: sol/eau/huile | D41: 81.9 | E41: =T_ECHANTILLONS[[#This Row],[Qte]]*T_ECHANTILLONS[[#This Row],[coutant]] -> 0 | F41: 0.15 | G41: =ROUND(T_ECHANTILLONS[[#This Row],[coutant]]*(1+T_ECHANTILLONS[[#This Row],[profit]]),2) -> 94.19 | H41: =T_ECHANTILLONS[[#This Row],[Qte]]*T_ECHANTILLONS[[#This Row],[$/unitaire]] -> 0
A42: Glycols | B42: =VLOOKUP(T_ECHANTILLONS[[#This Row],[Analyses fréquemment demandées]],Calculs!$A$5:$AQ$64,2,FALSE) -> 0 | C42: sol/eau | D42: 1152 | E42: =T_ECHANTILLONS[[#This Row],[Qte]]*T_ECHANTILLONS[[#This Row],[coutant]] -> 0 | F42: 0.15 | G42: =ROUND(T_ECHANTILLONS[[#This Row],[coutant]]*(1+T_ECHANTILLONS[[#This Row],[profit]]),2) -> 1324.8 | H42: =T_ECHANTILLONS[[#This Row],[Qte]]*T_ECHANTILLONS[[#This Row],[$/unitaire]] -> 0
A43: Chrome hexavalent | B43: =VLOOKUP(T_ECHANTILLONS[[#This Row],[Analyses fréquemment demandées]],Calculs!$A$5:$AQ$64,2,FALSE) -> 0 | C43: eau | D43: 16.5 | E43: =T_ECHANTILLONS[[#This Row],[Qte]]*T_ECHANTILLONS[[#This Row],[coutant]] -> 0 | F43: 0.15 | G43: =ROUND(T_ECHANTILLONS[[#This Row],[coutant]]*(1+T_ECHANTILLONS[[#This Row],[profit]]),2) -> 18.98 | H43: =T_ECHANTILLONS[[#This Row],[Qte]]*T_ECHANTILLONS[[#This Row],[$/unitaire]] -> 0
... A54: 4 à 8 métaux | B54: =VLOOKUP(T_ECHANTILLONS[[#This Row],[Analyses fréquemment demandées]],Calculs!$A$5:$AQ$64,2,FALSE) -> 0 | C54: sol/eau | D54: 36.5 | E54: =T_ECHANTILLONS[[#This Row],[Qte]]*T_ECHANTILLONS[[#This Row],[coutant]] -> 0 | F54: 0.15 | G54: =ROUND(T_ECHANTILLONS[[#This Row],[coutant]]*(1+T_ECHANTILLONS[[#This Row],[profit]]),2) -> 41.98 | H54: =T_ECHANTILLONS[[#This Row],[Qte]]*T_ECHANTILLONS[[#This Row],[$/unitaire]] -> 0
A55: Broyage standard | B55: =VLOOKUP(T_ECHANTILLONS[[#This Row],[Analyses fréquemment demandées]],Calculs!$A$5:$AQ$64,2,FALSE) -> 0 | D55: 61.5 | E55: =T_ECHANTILLONS[[#This Row],[Qte]]*T_ECHANTILLONS[[#This Row],[coutant]] -> 0 | F55: 0.15 | G55: =ROUND(T_ECHANTILLONS[[#This Row],[coutant]]*(1+T_ECHANTILLONS[[#This Row],[profit]]),2) -> 70.73 | H55: =T_ECHANTILLONS[[#This Row],[Qte]]*T_ECHANTILLONS[[#This Row],[$/unitaire]] -> 0
A56: Pulvérisation | B56: =VLOOKUP(T_ECHANTILLONS[[#This Row],[Analyses fréquemment demandées]],Calculs!$A$5:$AQ$64,2,FALSE) -> 0 | D56: 57 | E56: =T_ECHANTILLONS[[#This Row],[Qte]]*T_ECHANTILLONS[[#This Row],[coutant]] -> 0 | F56: 0.15 | G56: =ROUND(T_ECHANTILLONS[[#This Row],[coutant]]*(1+T_ECHANTILLONS[[#This Row],[profit]]),2) -> 65.55 | H56: =T_ECHANTILLONS[[#This Row],[Qte]]*T_ECHANTILLONS[[#This Row],[$/unitaire]] -> 0
A57: Kit d'échantillonage des COV + seringue | B57: =VLOOKUP(T_ECHANTILLONS[[#This Row],[Analyses fréquemment demandées]],Calculs!$A$5:$AQ$64,2,FALSE) -> 0 | D57: 6.5 | E57: =T_ECHANTILLONS[[#This Row],[Qte]]*T_ECHANTILLONS[[#This Row],[coutant]] -> 0 | F57: 0.15 | G57: =ROUND(T_ECHANTILLONS[[#This Row],[coutant]]*(1+T_ECHANTILLONS[[#This Row],[profit]]),2) -> 7.48 | H57: =T_ECHANTILLONS[[#This Row],[Qte]]*T_ECHANTILLONS[[#This Row],[$/unitaire]] -> 0
A58: Congélation d'échantillon | B58: =VLOOKUP(T_ECHANTILLONS[[#This Row],[Analyses fréquemment demandées]],Calculs!$A$5:$AQ$64,2,FALSE) -> 0 | D58: 13 | E58: =T_ECHANTILLONS[[#This Row],[Qte]]*T_ECHANTILLONS[[#This Row],[coutant]] -> 0 | F58: 0.15 | G58: =ROUND(T_ECHANTILLONS[[#This Row],[coutant]]*(1+T_ECHANTILLONS[[#This Row],[profit]]),2) -> 14.95 | H58: =T_ECHANTILLONS[[#This Row],[Qte]]*T_ECHANTILLONS[[#This Row],[$/unitaire]] -> 0
A59: Test d'eau Micro Bio, pour vente immobilliere | B59: =VLOOKUP(T_ECHANTILLONS[[#This Row],[Analyses fréquemment demandées]],Calculs!$A$5:$AQ$64,2,FALSE) -> 0 | C59: eau potable | D59: 60 | E59: =T_ECHANTILLONS[[#This Row],[Qte]]*T_ECHANTILLONS[[#This Row],[coutant]] -> 0 | F59: 0.15 | G59: =ROUND(T_ECHANTILLONS[[#This Row],[coutant]]*(1+T_ECHANTILLONS[[#This Row],[profit]]),2) -> 69 | H59: =T_ECHANTILLONS[[#This Row],[Qte]]*T_ECHANTILLONS[[#This Row],[$/unitaire]] -> 0
A60: Arsenic | B60: =VLOOKUP(T_ECHANTILLONS[[#This Row],[Analyses fréquemment demandées]],Calculs!$A$5:$AQ$64,2,FALSE) -> 0 | C60: eau potable | D60: 30 | E60: =T_ECHANTILLONS[[#This Row],[Qte]]*T_ECHANTILLONS[[#This Row],[coutant]] -> 0 | F60: 0.15 | G60: =ROUND(T_ECHANTILLONS[[#This Row],[coutant]]*(1+T_ECHANTILLONS[[#This Row],[profit]]),2) -> 34.5 | H60: =T_ECHANTILLONS[[#This Row],[Qte]]*T_ECHANTILLONS[[#This Row],[$/unitaire]] -> 0
A61: Solides dissous | B61: =VLOOKUP(T_ECHANTILLONS[[#This Row],[Analyses fréquemment demandées]],Calculs!$A$5:$AQ$64,2,FALSE) -> 0 | C61: eau | D61: 23 | E61: =T_ECHANTILLONS[[#This Row],[Qte]]*T_ECHANTILLONS[[#This Row],[coutant]] -> 0 | F61: 0.15 | G61: =ROUND(T_ECHANTILLONS[[#This Row],[coutant]]*(1+T_ECHANTILLONS[[#This Row],[profit]]),2) -> 26.45 | H61: =T_ECHANTILLONS[[#This Row],[Qte]]*T_ECHANTILLONS[[#This Row],[$/unitaire]] -> 0
A62: DUPLICATA | B62: =VLOOKUP(T_ECHANTILLONS[[#This Row],[Analyses fréquemment demandées]],Calculs!$A$5:$AQ$64,2,FALSE) -> 0 | D62: =D4+D5+D6 -> 152.5 | E62: =T_ECHANTILLONS[[#This Row],[Qte]]*T_ECHANTILLONS[[#This Row],[coutant]] -> 0 | F62: 0.15 | G62: =ROUND(T_ECHANTILLONS[[#This Row],[coutant]]*(1+T_ECHANTILLONS[[#This Row],[profit]]),2) -> 175.38 | H62: =T_ECHANTILLONS[[#This Row],[Qte]]*T_ECHANTILLONS[[#This Row],[$/unitaire]] -> 0
A63: Total | E63: =SUBTOTAL(109,T_ECHANTILLONS[S/Total]) -> 1407.5 | H63: =SUBTOTAL(109,T_ECHANTILLONS[TOTAL]) -> 1618.66

Sheet Calculs
C1: Colonne [Échantillon] / [Risque] | D1: - Lignes des risques [Travaux] #1 et #2 dans [Risque] - Nbre d'échantillons par risque - Sigle des travaux et du n° de risque
D2: {=TRANSPOSE(IFERROR(MATCH(T_TRAV_RISQUES[Risque],T_RISQUES[Risque associés / échantillon],0),0))} -> 10 | E2: 110 | F2: 7 | G2: 4 | H2: 104 | I2: 19
D3: {=TRANSPOSE(T_TRAV_RISQUES[Nbre échantillons])} -> 2 | E3: 1 | F3: 2 | G3: 1 | H3: 0 | I3: 1
A4: Type d'échantillon | B4: Total des échantillons | C4: Col E / R | D4: {=TRANSPOSE(T_TRAV_RISQUES['#]&" R"&T_TRAV_RISQUES[N° risque])} -> F-01 R1 | E4: F-01 R2 | F4: F-02 R1 | G4: F-03 R1 | H4: F-03 R2 | I4: F-03 R3
A5: {=T_ECHANTILLONS[Analyses fréquemment demandées]} -> Métaux | B5: {=_xlfn.LET(_xlpm.x,_xlfn.ANCHORARRAY(D5),_xlfn.BYROW(_xlpm.x,_xlfn.LAMBDA(_xlpm.x,SUM(_xlpm.x))))} -> 7 | C5: {=MATCH(_xlfn.ANCHORARRAY(A5),T_RISQUES[#Headers],0)} -> 2 | D5: {=IF(AND(_xlfn.ANCHORARRAY(D$2)>0,_xlfn.ANCHORARRAY($C5)>0),IF(INDEX(T_RISQUES[],_xlfn.ANCHORARRAY(Calculs!D$2),_xlfn.ANCHORARRAY(Calculs!$C5))="X",_xlfn.ANCHORARRAY(D$3),""),"")} -> 2 | E5: 1 | F5: 2 | G5: 1 | H5: 0 | I5: 1
A6: C10C50 | B6: 7 | C6: 3 | D6: 2 | E6: 1 | F6: 2 | G6: 1 | H6: 0 | I6: 1
A7: HAP | B7: 7 | C7: 4 | D7: 2 | E7: 1 | F7: 2 | G7: 1 | H7: 0 | I7: 1
A8: COV-HAM-HAC | B8: 5 | C8: 5 | D8: 2 | F8: 2 | I8: 1
A9: C-Phélonique | B9: 0 | C9: 6
A10: Coli-phéco | B10: 0 | C10: 7
A11: Entérocoques | B11: 0 | C11: 8
A12: bromur-chlorure-fluorure-nitrate-sulfate eau | B12: 0 | C12: 9
A13: bromur-chlorure-fluorure-nitrate-sulfate | B13: 0 | C13: 10
A14: Azote ammoniacal | B14: 0 | C14: 11
A15: Azote ammoniacal eau | B15: 0 | C15: 12
A16: Azote Kjeldahl | B16: 0 | C16: 13
A17: Azote Kjeldahl eau | B17: 0 | C17: 14
A18: dureté eau | B18: 0 | C18: 15
A19: Conductivité | B19: 0 | C19: 16
A20: Cyanures totaux | B20: 0 | C20: 17
... A63: DUPLICATA | B63: 0 | C63: 60

Sheet Feuil1
B3: 10 | D3: {=_xlfn.LAMBDA(_xlpm.x,_xlpm.x+1)(B3)} -> 11

Sheet Risque
A1: Information des données des risques
A2: Risque associés / échantillon | B2: Métaux | C2: C10C50 | D2: HAP | E2: COV-HAM-HAC | F2: C-Phélonique | G2: Coli-phéco | H2: Entérocoques | I2: bromur-chlorure-fluorure-nitrate-sulfate eau | J2: bromur-chlorure-fluorure-nitrate-sulfate | K2: Azote ammoniacal | L2: Azote ammoniacal eau | M2: Azote Kjeldahl | N2: Azote Kjeldahl eau | O2: dureté eau | P2: Conductivité | Q2: Cyanures totaux | R2: Fluorures disponibles | S2: Matières en suspension (MES) eau | T2: PH | U2: Phosphore Total Trace eau | V2: Phosphores totaux eau | W2: Phtalate eau | X2: Phtalate | Y2: Soufre | Z2: Sulfures eau | AA2: C10C50 eau | AB2: HAP eau | AC2: BTEX | AD2: HAM | AE2: BPC | AF2: BPC aroclor | AG2: Dioxine-furane | AH2: Oxygène dissous | AI2: Chlore total | AJ2: Toxicité des truites concentration multiple eau | AK2: Toxicité des daphnies eau | AL2: Pesticides glyphosates | AM2: HAC | AN2: Glycols | AO2: Chrome hexavalent | AP2: Chrome hexavalent eau | AQ2: Cyanures totaux eau | AR2: Phénol | AS2: Phosphore | AT2: Lixiviation TLCP 1312 | AU2: RMD- Lixiviation + analyse | AV2: Amiante | AW2: Amiante (granulométrie et MLP-IRSST-244) | AX2: 1 métal | AY2: 2 à 3 métaux | AZ2: 4 à 8 métaux | BA2: Broyage standard | BB2: Pulvérisation | BC2: Kit d'échantillonage des COV + seringue | BD2: Congélation d'échantillon | BE2: Test d'eau Micro Bio, pour vente immobilliere | BF2: Arsenic | BG2: Solides dissous | BH2: DUPLICATA
A3: Présence d'une station service a moins de 300 mêtre du site | B3: X | C3: X | D3: X | E3: X
A4: Présence de réservoirs (essence ou mazout) souterrains | B4: X | C4: X | D4: X | E4: X
A5: Présence d'un réservoir de diesel | B5: X | C5: X | D5: X | E5: X
A6: Présence réservoir de mazout | B6: X | C6: X | D6: X
A7: Tuyau de remplissage mazout | B7: X | C7: X | D7: X
A8: Présence de taches au sol | B8: X | C8: X | D8: X | E8: X
A9: Présence d'un puit de mécanique | B9: X | C9: X | D9: X | E9: X
A10: Présence d'un élévateur a voiture hydraulique | B10: X | C10: X | D10: X
A11: Présence de remblais de source ou qualité inconnu | B11: X | C11: X | D11: X | E11: X
A12: Présence de terrains potentiellement contaminé a proxcimité du site | B12: X | C12: X | D12: X | E12: X
A13: Utilisation d'outillage hydraulique lié avec l'activité du site | B13: X | C13: X | D13: X
A14: Utitlisation de produit dangereux lié avec l'activité du site | B14: X | C14: X | D14: X | E14: X
A15: Présence de produits dangereux sur le site | B15: X | C15: X | D15: X | E15: X
A16: Présence de produits dangereux sur un site voisin
A17: Présence d'une voie ferré a moins de 50m du site | B17: X | C17: X | D17: X | E17: X | Y17: X
A18: Présence d'un réservoir de produit chimique sur le site | B18: X | C18: X | D18: X | E18: X
A19: Présence d'un réservoir de produit chimique sur un site voisin | B19: X | C19: X | D19: X | E19: X
A20: Présence de fosses ou fissures dans le béton | B20: X | C20: X | D20: X | E20: X
A21: Présence de matière potentiellement contaminé sur le site | B21: X | C21: X | D21: X | E21: X
A22: Déversements d’hydrocarbures dans le passé | B22: X | C22: X | D22: X | E22: X
A23: Déversements produits chimiques dans le passé | B23: X | C23: X | D23: X | E23: X | Y23: X
A24: Atelier de peinture sur le site | B24: X | C24: X | D24: X | E24: X
A25: Atelier de peinture sur site voisin | B25: X | C25: X | D25: X | E25: X
A26: Présence d'une cheminé de chauffage | B26: X | C26: X | D26: X
A27: Stationnement de véhicules et/ou de machinerie sur un site voisin | B27: X | C27: X | D27: X | E27: X
A28: Stationnement de véhicules et/ou de machinerie sur le site | B28: X | C28: X | D28: X | E28: X
A29: Ancien batiment a potentiel contaminant sur le site | B29: X | C29: X | D29: X | E29: X
A30: Ancien batiment a potentiel contaminant sur un site voisin | B30: X | C30: X | D30: X | E30: X
A31: Batiment incendier sur le site | B31: X | C31: X | D31: X | E31: X
A32: Batiment incendier sur un site voisin | B32: X | C32: X | D32: X | E32: X
A33: Gestion inconnue de débris de démolition | B33: X | C33: X | D33: X | E33: X
A34: Présence d'un terrain contaminé a proximité du site
A35: Présence déchets dangereux sur le site | B35: X | C35: X | D35: X | E35: X
A36: Présence déchets dangereux sur un site voisin | B36: X | C36: X | D36: X | E36: X
A37: Fosse septique connecter au drain de plancher | F37: X | G37: X
A38: Acivité d'imprimerie sur le site | B38: X | C38: X | D38: X | E38: X | F38: X | Q38: X | X38: X | AS38: X
A39: Activité d'usinage sur le site | B39: X | C39: X | E39: X | T39: X
A40: Activité d'une scierie sur le site | B40: X | C40: X | D40: X | E40: X | F40: X | J40: X | K40: X | Q40: X | T40: X | X40: X | Y40: X | AG40: X
A41: Présence d'une scierie sur un site voisin | B41: X | C41: X | D41: X | E41: X | F41: X | J41: X | K41: X | Q41: X | T41: X | X41: X | Y41: X | AG41: X
A42: Dupplicata | B42: X | C42: X
A43: Extraction de pétrole et de gaz | B43: X | C43: X | D43: X | E43: X | F43: X | J43: X | T43: X | X43: X | Y43: X | AE43: X
A44: Extraction de minerais de fer | B44: X | F44: X | J44: X | Q44: X | T44: X | X44: X | Y44: X | AE44: X | AG44: X
A45: Extraction de minerais d'or et d'argent | B45: X | F45: X | J45: X | Q45: X | T45: X | X45: X | Y45: X | AE45: X
A46: 21223 Extraction de minerais de cuivre, de nickel, de plomb et de zinc | B46: X | F46: X | J46: X | Q46: X | T46: X | X46: X | Y46: X | AE46: X
A47: Extraction d'autres minerais métalliques | B47: X | F47: X | J47: X | Q47: X | T47: X | X47: X | Y47: X | AE47: X
A48: Extraction de minerais d'amiante | B48: X | E48: X | F48: X | Q48: X | X48: X
A49: Distribution d'électricité | B49: X | C49: X | AE49: X | AG49: X
A50: Usines de non-tissés | C50: X | E50: X
A51: Finissage de textiles et de tissus et revêten | B51: X | C51: X | D51: X | E51: X | F51: X | J51: X | T51: X | X51: X | AS51: X
A52: Usines de tapis et de carpettes | B52: X | D52: X | E52: X | J52: X | Q52: X | AL52: X
A53: Tannage et finissage du cuir et de peaux
A54: Scierie, sauf les usines de bardeaux et de bardeaux de fente | B54: X | C54: X | D54: X | E54: X | F54: X | J54: X | K54: X | Q54: X | T54: X | X54: X | Y54: X | AG54: X
A55: Préservation du bois | B55: X | C55: X | D55: X | E55: X | F55: X | J55: X | K55: X | Q55: X | T55: X | X55: X | Y55: X | AG55: X
A56: Fabrication de placage, de contreplaqués et de produits en bois reconstitué | E56: X | F56: X
A57: Usines de pâte à papier | B57: X | C57: X | D57: X | E57: X | F57: X | J57: X | Q57: X | T57: X | W57: X | Y57: X | AE57: X | AG57: X
A58: Usines de papier, sauf le papier journal | B58: X | C58: X | D58: X | E58: X | F58: X | J58: X | Q58: X | T58: X | W58: X | Y58: X | AE58: X | AG58: X
A59: Usines de carton | B59: X | C59: X | D59: X | E59: X | F59: X | J59: X | T59: X | W59: X | Y59: X | AE59: X | AG59: X
A60: Raffineries de pétrole | B60: X | C60: X | D60: X | E60: X | K60: X | X60: X | Y60: X | AE60: X | AG60: X
A61: Fabrication de produits du pétrole et du charbon | B61: X | C61: X | D61: X | E61: X | J61: X | K61: X | X61: X | Y61: X | AG61: X
A62: Fabrication de produits pétrochimiques | B62: X | C62: X | D62: X | E62: X | F62: X | T62: X
A63: Fabrication de gaz industriels | D63: X | E63: X
A64: Fabrication de teintures et de pigments synthétiques | B64: X | D64: X | E64: X | F64: X | T64: X | X64: X
A65: Fabrication d'autres produits chimiques inorganiques de base | B65: X | D65: X | E65: X | F65: X | T65: X | X65: X | AS65: X
A66: Fabrication d'autres produits chimiques organiques de base | B66: X | D66: X | E66: X | F66: X | T66: X | AS66: X
A67: Fabrication de résines et de caoutchouc synthétique | B67: X | D67: X | E67: X | F67: X | J67: X | K67: X | T67: X | X67: X | Y67: X
A68: Fabrication de pesticides, d'engrais et d'autres produits chimiques agricoles | B68: X | D68: X | E68: X | F68: X | K68: X | T68: X | Y68: X | AS68: X
A69: Fabrication de peintures et de revêtements et d'adhésifs | B69: X | D69: X | E69: X | F69: X | Q69: X | X69: X
A70: Fabrication d'encres d'imprimeries | B70: X | C70: X | D70: X | E70: X | F70: X | Q70: X | T70: X | AS70: X
A71: Fabrication d'explosifs | B71: X | E71: X | F71: X | T71: X | X71: X | AS71: X
A72: Fabrication de tous les autres produits chimique divers | B72: X | C72: X | E72: X | F72: X | T72: X | X72: X | AS72: X
A73: Fabrication de produits en plastique | B73: X | C73: X | E73: X | T73: X | X73: X | AS73: X
A74: Fabrication de produits en caoutchouc | B74: X | E74: X | F74: X | K74: X | X74: X | Y74: X
A75: Sidérurgie | B75: X | C75: X | D75: X | E75: X | F75: X | T75: X | X75: X | AE75: X
A76: Fabrication de produits en acier à partir d'acier acheté | B76: X | D76: X | E76: X | R76: X | T76: X
A77: Production et transformation d'alumine et d'aluminium | B77: X | D77: X | K77: X | R77: X | T77: X | Y77: X
A78: Production et transformation de métaux non ferreux, sauf l'aluminium | B78: X | C78: X | D78: X | E78: X | F78: X | X78: X | AE78: X | AG78: X
A79: Fonderies de fer | B79: X | C79: X | D79: X | E79: X | F79: X | J79: X | X79: X | Y79: X | AG79: X
A80: Fonderies d'acier | B80: X | C80: X | D80: X | E80: X | F80: X | J80: X | X80: X | Y80: X | AG80: X
A81: Fonderies de métaux non ferreux | B81: X | C81: X | D81: X | E81: X | F81: X | J81: X | X81: X | Y81: X | AG81: X
A82: Forgeage et estampage | B82: X | T82: X
A83: Fabrication de produits d'architecture et d'éléments de charpentes métalliques | B83: X | C83: X | D83: X | E83: X | F83: X | X83: X
A84: Fabrication de chaudières, de réservoirs et de contenants d'expédition | B84: X | E84: X
A85: Fabrication de ressorts et de produits en fil métallique | B85: X | C85: X | D85: X | T85: X
A86: Ateliers d'usinage | B86: X | C86: X | E86: X | T86: X
A87: Revêtement, gravure, traitement thermique et activités analogues | B87: X | F87: X | Q87: X | T87: X | AG87: X
A88: Fabrication d'autres produits métalliques | B88: X | C88: X | E88: X | F88: X | Q88: X | AG88: X
A89: Fabrication de turbines et de groupes turbogénérateurs | B89: X | E89: X
A90: Fabrication de matériel électrique | B90: X | C90: X | E90: X | T90: X | X90: X | Y90: X | AE90: X
A91: Fabrication de matériel et composant électrique(sauf pile et batterie) | B91: X | C91: X | K91: X | T91: X | X91: X | Y91: X | AE91: X
A92: Fabrication de batteries et de piles | B92: X | J92: X | T92: X | Y92: X
A93: Fabrication de véhicules automobiles | B93: X | C93: X | E93: X | AN93: X
A94: Fabrication de produits aérospatiaux et de leurs pièces | B94: X | E94: X | T94: X
A95: Fabrication de matériaux ferroviaires roulants | B95: X | C95: X | D95: X | Y95: X
A96: Construction et réparation de navires | B96: X | E96: X
A97: Grossistes - distributeurs de produits pétroliers | D97: X | E97: X | F97: X
A98: Grossistes - distributeurs de pièces et d'accessoires d'occasion pour automobiles | B98: X | C98: X | D98: X | E98: X | T98: X | Y98: X | AN98: X
A99: Grossistes - distributeurs de métaux recyclables | B99: X | F99: X
A100: Grossistes - distributeurs de produits chimique et autres fournitures agricoles | B100: X | K100: X | T100: X | Y100: X
...

Sheet Info client
A1: Information Client
A3: Type de chantier; | B3: Phase 2
A4: # Dossier
A5: Adresse Sharepointe
A6: Nom du client:
A7: Entreprise du client: | B7: 9140-7742 Québec Inc.
A8: Adresse:
A10: Téléphone:
A11: Cellulaire:
A12: Courriel:
A13: Où entendu parler de nous :
A16: Information Chantier
A17: Adresse du site à l’étude: | B17: 1422 rue Le BER, Sherbrooke
A19: Propriétaire du site;
A20: Personne responsable: | B20: Line Beaurivage
A21: Tel personne responsable | B21: 819-239-9921
A22: Coordonnées géographiques:
A23: # de lot (s) :
A24: Concordances cadastrales :
A25: Nombre de forage extérieur; | B25: 4
A26: Nombre de forage intérieur; | B26: 3
A27: Nombre de tranchée;
A28: Nombre d'échantillons; | B28: 10
A29: Nombre de duplicata; | B29: 2
A30: Paramètre analysé ; | B30: {=_xlfn._xlws.FILTER(Échantillon!#REF!,Échantillon!#REF!)} -> #REF!
A41: Note ;
A45: Résumé des couts
A46: {=résumé_des_couts} -> Excavation | B46: {=résumé_des_coutstotal} -> 0
A47: Transport et gestion des sols | B47: 0
A48: Remblais | B48: 0
A49: Forage | B49: 702.75
A50: Analyse chimique des échantillons | B50: 1618.66
A51: Frais de gestion et rapport | B51: 1530.73
A52: Total | B52: 3852.14
A53: Escompte | B53: =B52*C53 -> 0 | C53: 0
A54: Sous total | B54: =B52-B53 -> 3852.14
A55: TPS | B55: =B54*0.05 -> 192.607
A56: TVQ | B56: =B54*0.09975 -> 384.25097
A57: Total | B57: =B54+B55+B56 -> 4428.998
A58: dépot | B58: =B57/2 -> 2214.499

Sheet Forage
A1: Travaux | B1: QTE | C1: Option | D1: Forage
A2: Forage manuel | D2: Maind'œuvre forage | E2: Prix | F2: Qte | G2: . | H2: Coutant | I2: % profit | J2: $/unitaire | K2: TOTAL
A3: Forage sur asphalte | D3: Mobilisation main d'œuvre (50KM) | E3: 50 | G3: Km | H3: =E3*F3 -> 0 | I3: 2 | J3: =(E3*I3)+E3 -> 150 | K3: =J3*F3 -> 0
A4: Forage sur béton | D4: kilométrage | E4: 0.6 | G4: Ch | H4: =E4*F4 -> 0 | I4: 0.5 | J4: =(E4*I4)+E4 -> 0.9 | K4: =J4*F4 -> 0
A5: Forage régulier | D5: Temps technicien | E5: 40.5 | F5: =SUM(F11:F18) -> 0 | G5: Hr | H5: =E5*F5 -> 0 | I5: 2 | J5: =(E5*I5)+E5 -> 121.5 | K5: =J5*F5 -> 0
A6: Forage mécanique | D6: Temps tech prélèvement des puits | E6: 55 | G6: Hr | H6: =E6*F6 -> 0 | I6: 2 | J6: =(E6*I6)+E6 -> 165 | K6: =J6*F6 -> 0
A7: Forage sur asphalte | D7: Chargé de projet | E7: 65 | F7: =F5/4 -> 0 | G7: Hr | H7: =E7*F7 -> 0 | I7: 2 | J7: =(E7*I7)+E7 -> 195 | K7: =J7*F7 -> 0
A8: Forage sur béton | D8: Machinerie de forage | G8: . | H8: . | I8: . | J8: . | K8: .
A9: Forage régulier | D9: Mobilisation (50KM) | E9: 150 | F9: 1 | G9: Ch | H9: =E9*F9 -> 150 | I9: 1.5 | J9: =(E9*I9)+E9 -> 375 | K9: =J9*F9 -> 375
A10: Forage avec excavatrice | D10: Kilometre supplémentaire | E10: 2 | G10: Km | H10: =E10*F10 -> 0 | I10: 1 | J10: =(E10*I10)+E10 -> 4 | K10: =J10*F10 -> 0
A11: Autre foreuse | D11: Foreuse Manuel (dewalt) | E11: 145 | F11: =SUM(B3:B5) -> 0 | G11: Hr | H11: =E11*F11 -> 0 | I11: 0.15 | J11: =(E11*I11)+E11 -> 166.75 | K11: =J11*F11 -> 0
A12: Puit d'observation | D12: Foreuse 540 (ENVIROSOL) | E12: 195 | F12: =SUM(B7:B9) -> 0 | G12: Hr | H12: =E12*F12 -> 0 | I12: 0.15 | J12: =(E12*I12)+E12 -> 224.25 | K12: =J12*F12 -> 0
A13: Forage sur asphalte | D13: Foreuse GT8 | E13: 265 | G13: Hr | H13: =E13*F13 -> 0 | I13: 0.15 | J13: =(E13*I13)+E13 -> 304.75 | K13: =J13*F13 -> 0
A14: Forage sur béton | D14: Foreuse GT8 (hiver) | E14: 295 | G14: Hr | H14: =E14*F14 -> 0 | I14: 0.15 | J14: =(E14*I14)+E14 -> 339.25 | K14: =J14*F14 -> 0
A15: Forage régulier | D15: Foreuse CME55 | E15: 265 | G15: Hr | H15: =E15*F15 -> 0 | I15: 0.15 | J15: =(E15*I15)+E15 -> 304.75 | K15: =J15*F15 -> 0
D16: Foreuse CME55 (hiver) | E16: 295 | G16: Hr | H16: =E16*F16 -> 0 | I16: 0.15 | J16: =(E16*I16)+E16 -> 339.25 | K16: =J16*F16 -> 0
D17: Foreuse GEO 7822 | E17: 250 | G17: Hr | H17: =E17*F17 -> 0 | I17: 0.15 | J17: =(E17*I17)+E17 -> 287.5 | K17: =J17*F17 -> 0
D18: Foreuse GEO 7822 (hiver) | E18: 280 | G18: Hr | H18: =E18*F18 -> 0 | I18: 0.15 | J18: =(E18*I18)+E18 -> 322 | K18: =J18*F18 -> 0
D19: Options de travaux de forage | G19: . | H19: . | I19: . | J19: . | K19: .
D20: Frais hivernal | E20: 15 | G20: Hr | H20: =E20*F20 -> 0 | I20: 0.3 | J20: =(E20*I20)+E20 -> 19.5 | K20: =J20*F20 -> 0
D21: Liner Géoprobe ( 1 pour 4 pieds) | E21: 14.5 | F21: =F12*3 -> 0 | G21: Ch | H21: =E21*F21 -> 0 | I21: 0.15 | J21: =(E21*I21)+E21 -> 16.675 | K21: =J21*F21 -> 0
D22: Sable fin (sac) | E22: 14 | F22: 5 | G22: Ch | H22: =E22*F22 -> 70 | I22: 0.15 | J22: =(E22*I22)+E22 -> 16.1 | K22: =J22*F22 -> 80.5
D23: Sable (sac) | E23: 20 | G23: Ch | H23: =E23*F23 -> 0 | I23: 0.15 | J23: =(E23*I23)+E23 -> 23 | K23: =J23*F23 -> 0
D24: Alsphate froide (sac) | E24: 28 | G24: Ch | H24: =E24*F24 -> 0 | I24: 0.15 | J24: =(E24*I24)+E24 -> 32.2 | K24: =J24*F24 -> 0
D25: Silice (2 sacs au mêtre) | E25: 15 | G25: Ch | H25: =E25*F25 -> 0 | I25: 0.15 | J25: =(E25*I25)+E25 -> 17.25 | K25: =J25*F25 -> 0
D26: Béton (sac) | E26: 25 | F26: 2 | G26: Ch | H26: =E26*F26 -> 50 | I26: 0.15 | J26: =(E26*I26)+E26 -> 28.75 | K26: =J26*F26 -> 57.5
D27: Carottage de béton | E27: 55 | F27: 3 | G27: Ch | H27: =E27*F27 -> 165 | I27: 0.15 | J27: =(E27*I27)+E27 -> 63.25 | K27: =J27*F27 -> 189.75
G28: Ch | H28: =E28*F28 -> 0 | I28: 0.15 | J28: =(E28*I28)+E28 -> 0 | K28: =J28*F28 -> 0
D29: excavatrice | E29: 135 | F29: =B10 -> 0 | G29: Ch | H29: =E29*F29 -> 0 | I29: 0.15 | J29: =(E29*I29)+E29 -> 155.25 | K29: =J29*F29 -> 0
G30: Ch | H30: =E30*F30 -> 0 | I30: 0.15 | J30: =(E30*I30)+E30 -> 0 | K30: =J30*F30 -> 0
G31: Ch | H31: =E31*F31 -> 0 | I31: 0.15 | J31: =(E31*I31)+E31 -> 0 | K31: =J31*F31 -> 0
G32: Ch | H32: =E32*F32 -> 0 | I32: 0.15 | J32: =(E32*I32)+E32 -> 0 | K32: =J32*F32 -> 0
D33: Puit d'observation | H33: 0 | J33: =(E33*I33)+E33 -> 0
D34: Liner | E34: 18 | G34: Ch | H34: 0 | I34: 0.15 | J34: =(E34*I34)+E34 -> 20.7 | K34: 0
D35: Crepine 1 '' | E35: 2.5 | G35: Ch | H35: 0 | I35: 0.15 | J35: =(E35*I35)+E35 -> 2.875 | K35: 0
D36: Crepine 2" (pieds linéaire) | E36: 6.6 | G36: Ch | H36: 0 | I36: 0.15 | J36: =(E36*I36)+E36 -> 7.59 | K36: 0
D37: PVC 1" (pieds linéaire) | E37: 3 | G37: Ch | H37: 0 | I37: 0.15 | J37: =(E37*I37)+E37 -> 3.45 | K37: 0
D38: PVC 2" (pieds linéaire) | E38: 5.4 | G38: Ch | H38: 0 | I38: 0.15 | J38: =(E38*I38)+E38 -> 6.21 | K38: 0
D39: Bouchon Liner | E39: 3.5 | G39: Ch | H39: 0 | I39: 0.15 | J39: =(E39*I39)+E39 -> 4.025 | K39: 0
D40: Bouchon de fond visé | E40: 15 | G40: Ch | H40: 0 | I40: 0.15 | J40: =(E40*I40)+E40 -> 17.25 | K40: 0
D41: Bouchon cadnassable 2" | E41: 28 | G41: Ch | H41: 0 | I41: 0.15 | J41: =(E41*I41)+E41 -> 32.2 | K41: 0
D42: Bentonite | E42: 30 | G42: Ch | H42: 0 | I42: 0.15 | J42: =(E42*I42)+E42 -> 34.5 | K42: 0
D43: Boite service 6'' | E43: 135 | G43: Ch | H43: 0 | I43: 0.15 | J43: =(E43*I43)+E43 -> 155.25 | K43: 0
D44: Carottage de béton | E44: 55 | G44: Ch | H44: 0 | I44: 0.15 | J44: 16.1 | K44: 0
D45: Sable fin (sac) | E45: 14 | G45: Ch | H45: 0 | I45: 0.15 | J45: 23 | K45: 0
D46: Sable (sac) | E46: 20 | G46: Ch | H46: 0 | I46: 0.15 | J46: 32.2 | K46: 0
D47: Alsphate froide (sac) | E47: 28 | G47: Ch | H47: 0 | I47: 0.15 | J47: 17.25 | K47: 0
D48: Silice (2 sacs au mêtre) | E48: 15 | G48: Ch | H48: 0 | I48: 0.15 | J48: 28.75 | K48: 0
D49: Béton (sac) | E49: 27 | G49: Ch | H49: 0 | I49: 0.15 | J49: =(E49*I49)+E49 -> 31.05 | K49: 0
D50: Garde hors sol | E50: 164 | G50: Ch | H50: 0 | I50: 0.15 | J50: =(E50*I50)+E50 -> 188.6 | K50: 0
D51: Mélangeur a ciment | E51: 50 | G51: Jr | H51: 0 | I51: 0.15 | J51: =(E51*I51)+E51 -> 57.5 | K51: 0
G52: Ch | H52: 0 | I52: 0.15 | J52: =(E52*I52)+E52 -> 0 | K52: 0
G53: . | H53: =E53*F53 -> 0 | I53: 0.15 | J53: =(E53*I53)+E53 -> 0 | K53: =J53*F53 -> 0
G54: . | H54: =E54*F54 -> 0 | I54: 0.15 | J54: =(E54*I54)+E54 -> 0 | K54: =J54*F54 -> 0
G55: . | H55: =E55*F55 -> 0 | I55: 0.15 | J55: =(E55*I55)+E55 -> 0 | K55: =J55*F55 -> 0
G56: . | H56: =E56*F56 -> 0 | I56: 0.15 | J56: =(E56*I56)+E56 -> 0 | K56: =J56*F56 -> 0
H57: =SUM(H3:H56) -> 435 | K57: =SUM(K3:K56) -> 702.75

Sheet Rapport et gestion
A1: Rapport et gestion
A2: ITEM | B2: PRIX | C2: Qte | D2: TOTAL COST | E2: % profit | F2: Prix / unitaire | G2: TOTAL
A3: Rapport PHASE 1 | B3: 1186 | D3: =B3*C3 -> 0 | E3: 0.598 | F3: =(B3*E3)+B3 -> 1895.228 | G3: =D3+(D3*E3) -> 0
A4: Rapport PHASE 1 (prix commercial) | B4: 1186 | D4: =B4*C4 -> 0 | E4: 0.497 | F4: =(B4*E4)+B4 -> 1775.442 | G4: =D4+(D4*E4) -> 0
A5: Mise a jour phase 1 envirosol | B5: 850 | D5: =B5*C5 -> 0 | E5: 0.97 | F5: =(B5*E5)+B5 -> 1674.5 | G5: =D5+(D5*E5) -> 0
A6: Mise a jour phase 1 compétition | B6: 980 | D6: =B6*C6 -> 0 | E6: 0.81 | F6: =(B6*E6)+B6 -> 1773.8 | G6: =D6+(D6*E6) -> 0
A7: Rapport PHASE II et III | B7: 359.5 | C7: 1 | D7: =B7*C7 -> 359.5 | E7: 2.34 | F7: =(B7*E7)+B7 -> 1200.73 | G7: =D7+(D7*E7) -> 1200.73
A8: Rapport Réhabilitation | B8: 599 | D8: =B8*C8 -> 0 | E8: 2.34 | F8: =(B8*E8)+B8 -> 2000.66 | G8: =D8+(D8*E8) -> 0
A9: Rédaction Lettre | B9: 80 | D9: =B9*C9 -> 0 | E9: 4 | F9: =(B9*E9)+B9 -> 400 | G9: =D9+(D9*E9) -> 0
A10: Analyse de résultat d'échantillons | B10: 25 | D10: =B10*C10 -> 0 | E10: 2.5 | F10: =(B10*E10)+B10 -> 87.5 | G10: =D10+(D10*E10) -> 0
A11: Plan | B11: 25 | C11: 1 | D11: =B11*C11 -> 25 | E11: 4.2 | F11: =(B11*E11)+B11 -> 130 | G11: =D11+(D11*E11) -> 130
A12: Temps / Biologiste | B12: 80 | D12: =B12*C12 -> 0 | E12: 1.25 | F12: =(B12*E12)+B12 -> 180 | G12: =D12+(D12*E12) -> 0
A13: Temps / administration | B13: 50 | D13: =B13*C13 -> 0 | E13: 1 | F13: =(B13*E13)+B13 -> 100 | G13: =D13+(D13*E13) -> 0
D14: =B14*C14 -> 0 | E14: 1 | F14: =(B14*E14)+B14 -> 0 | G14: =D14+(D14*E14) -> 0
D15: =B15*C15 -> 0 | E15: 1 | F15: =(B15*E15)+B15 -> 0 | G15: =D15+(D15*E15) -> 0
A16: Assurance | B16: 200 | C16: =C7+C8+C9 -> 1 | D16: =B16*C16 -> 200 | E16: 0 | F16: =(B16*E16)+B16 -> 200 | G16: =D16+(D16*E16) -> 200
D17: =SUM(D3:D16) -> 584.5 | G17: =SUM(G7:G16) -> 1530.73

Sheet Résumé
A1: Forage | F1: Rapport et gestion
A2: {=for} -> Maind'œuvre forage | B2: {=forQTE} -> Qte | C2: {=forprix} -> $/unitaire | D2: {=forhr} -> . | E2: {=forTOTAL} -> TOTAL | F2: {=rap} -> ITEM | G2: {=rapQTE} -> Qte | H2: {=rapprix} -> Prix / unitaire | J2: {=raptotal} -> TOTAL
A3: Mobilisation main d'œuvre (50KM) | B3: 0 | C3: 150 | D3: Km | E3: 0 | F3: Rapport PHASE 1 | G3: 0 | H3: 1895.228 | I3: Ch | J3: 0
A4: kilométrage | B4: 0 | C4: 0.9 | D4: Ch | E4: 0 | F4: Rapport PHASE 1 (prix commercial) | G4: 0 | H4: 1775.442 | I4: Ch | J4: 0
A5: Temps technicien | B5: 0 | C5: 121.5 | D5: Hr | E5: 0 | F5: Mise a jour phase 1 envirosol | G5: 0 | H5: 1674.5 | I5: Ch | J5: 0
A6: Temps tech prélèvement des puits | B6: 0 | C6: 165 | D6: Hr | E6: 0 | F6: Mise a jour phase 1 compétition | G6: 0 | H6: 1773.8 | I6: Ch | J6: 0
A7: Chargé de projet | B7: 0 | C7: 195 | D7: Hr | E7: 0 | F7: Rapport PHASE II et III | G7: 1 | H7: 1200.73 | I7: Ch | J7: 1200.73
A8: Machinerie de forage | B8: 0 | C8: . | D8: . | E8: . | F8: Rapport Réhabilitation | G8: 0 | H8: 2000.66 | I8: Ch | J8: 0
A9: Mobilisation (50KM) | B9: 1 | C9: 375 | D9: Ch | E9: 375 | F9: Rédaction Lettre | G9: 0 | H9: 400 | I9: Ch | J9: 0
A10: Kilometre supplémentaire | B10: 0 | C10: 4 | D10: Km | E10: 0 | F10: Analyse de résultat d'échantillons | G10: 0 | H10: 87.5 | I10: Ch | J10: 0
A11: Foreuse Manuel (dewalt) | B11: 0 | C11: 166.75 | D11: Hr | E11: 0 | F11: Plan | G11: 1 | H11: 130 | I11: Ch | J11: 130
A12: Foreuse 540 (ENVIROSOL) | B12: 0 | C12: 224.25 | D12: Hr | E12: 0 | F12: Temps / Biologiste | G12: 0 | H12: 180 | I12: Hr | J12: 0
A13: Foreuse GT8 | B13: 0 | C13: 304.75 | D13: Hr | E13: 0 | F13: Temps / administration | G13: 0 | H13: 100 | I13: Hr | J13: 0
A14: Foreuse GT8 (hiver) | B14: 0 | C14: 339.25 | D14: Hr | E14: 0 | F14: 0 | G14: 0 | H14: 0 | J14: 0
A15: Foreuse CME55 | B15: 0 | C15: 304.75 | D15: Hr | E15: 0 | F15: 0 | G15: 0 | H15: 0 | J15: 0
A16: Foreuse CME55 (hiver) | B16: 0 | C16: 339.25 | D16: Hr | E16: 0 | F16: Assurance | G16: 1 | H16: 200 | I16: Hr | J16: 200
A17: Foreuse GEO 7822 | B17: 0 | C17: 287.5 | D17: Hr | E17: 0 | I17: Km
A18: Foreuse GEO 7822 (hiver) | B18: 0 | C18: 322 | D18: Hr | E18: 0 | I18: Ch
A19: Options de travaux de forage | B19: 0 | C19: . | D19: . | E19: . | I19: Ch
A20: Frais hivernal | B20: 0 | C20: 19.5 | D20: Hr | E20: 0
A21: Liner Géoprobe ( 1 pour 4 pieds) | B21: 0 | C21: 16.675 | D21: Ch | E21: 0 | J21: =SUM(J3:J20) -> 1530.73
A22: Sable fin (sac) | B22: 5 | C22: 16.1 | D22: Ch | E22: 80.5 | F22: Résumé des couts
A23: Sable (sac) | B23: 0 | C23: 23 | D23: Ch | E23: 0
A24: Alsphate froide (sac) | B24: 0 | C24: 32.2 | D24: Ch | E24: 0 | F24: Excavation
A25: Silice (2 sacs au mêtre) | B25: 0 | C25: 17.25 | D25: Ch | E25: 0 | F25: Transport et gestion des sols
A26: Béton (sac) | B26: 2 | C26: 28.75 | D26: Ch | E26: 57.5 | F26: Remblais
A27: Carottage de béton | B27: 3 | C27: 63.25 | D27: Ch | E27: 189.75 | F27: Forage | J27: =Forage!K57 -> 702.75
A28: 0 | B28: 0 | C28: 0 | D28: Ch | E28: 0 | F28: Analyse chimique des échantillons | J28: =T_ECHANTILLONS[[#Totals],[TOTAL]] -> 1618.66
A29: excavatrice | B29: 0 | C29: 155.25 | D29: Ch | E29: 0 | F29: Frais de gestion et rapport | J29: =J21 -> 1530.73
A30: 0 | B30: 0 | C30: 0 | D30: Ch | E30: 0 | J30: =SUM(J24:J29) -> 3852.14
A31: 0 | B31: 0 | C31: 0 | D31: Ch | E31: 0
A32: 0 | B32: 0 | C32: 0 | D32: Ch | E32: 0
A33: Puit d'observation | B33: 0 | C33: 0 | D33: 0 | E33: 0
A34: Liner | B34: 0 | C34: 20.7 | D34: Ch | E34: 0
A35: Crepine 1 '' | B35: 0 | C35: 2.875 | D35: Ch | E35: 0
A36: Crepine 2" (pieds linéaire) | B36: 0 | C36: 7.59 | D36: Ch | E36: 0
A37: PVC 1" (pieds linéaire) | B37: 0 | C37: 3.45 | D37: Ch | E37: 0
A38: PVC 2" (pieds linéaire) | B38: 0 | C38: 6.21 | D38: Ch | E38: 0
A39: Bouchon Liner | B39: 0 | C39: 4.025 | D39: Ch | E39: 0
A40: Bouchon de fond visé | B40: 0 | C40: 17.25 | D40: Ch | E40: 0
A41: Bouchon cadnassable 2" | B41: 0 | C41: 32.2 | D41: Ch | E41: 0
A42: Bentonite | B42: 0 | C42: 34.5 | D42: Ch | E42: 0
A43: Boite service 6'' | B43: 0 | C43: 155.25 | D43: Ch | E43: 0
A44: Carottage de béton | B44: 0 | C44: 16.1 | D44: Ch | E44: 0
A45: Sable fin (sac) | B45: 0 | C45: 23 | D45: Ch | E45: 0
... A51: Mélangeur a ciment | B51: 0 | C51: 57.5 | D51: Jr | E51: 0
A52: 0 | B52: 0 | C52: 0 | D52: Ch | E52: 0
A53: 0 | B53: 0 | C53: 0 | D53: . | E53: 0
A54: 0 | B54: 0 | C54: 0 | D54: . | E54: 0
A55: 0 | B55: 0 | C55: 0 | D55: . | E55: 0
A56: 0 | B56: 0 | C56: 0 | D56: . | E56: 0
A57: Analyse chimique des échantillons | E57: 702.75
A58: {=ech} -> Métaux | B58: {=echQte} -> 7 | C58: {=echprix} -> 46 | E58: {=echtotal} -> 322
A59: C10C50 | B59: 7 | C59: 51.18 | D59: Ch | E59: 358.26
A60: HAP | B60: 7 | C60: 78.2 | D60: Ch | E60: 547.4
A61: COV-HAM-HAC | B61: 5 | C61: 78.2 | D61: Ch | E61: 391
A62: C-Phélonique | B62: 0 | C62: 95.45 | D62: Ch | E62: 0
A63: Coli-phéco | B63: 0 | C63: 24.73 | D63: Ch | E63: 0
A64: Entérocoques | B64: 0 | C64: 16.68 | D64: Ch | E64: 0
A65: bromur-chlorure-fluorure-nitrate-sulfate eau | B65: 0 | C65: 31.63 | D65: Ch | E65: 0
A66: bromur-chlorure-fluorure-nitrate-sulfate | B66: 0 | C66: 37.95 | D66: Ch | E66: 0
A67: Azote ammoniacal | B67: 0 | C67: 41.98 | D67: Ch | E67: 0
A68: Azote ammoniacal eau | B68: 0 | C68: 23 | D68: Ch | E68: 0
A69: Azote Kjeldahl | B69: 0 | C69: 29.33 | D69: Ch | E69: 0
A70: Azote Kjeldahl eau | B70: 0 | C70: 24.73 | D70: Ch | E70: 0
... A116: DUPLICATA | B116: 0 | C116: 175.38 | D116: Ch | E116: 0
D117: Ch
D118: Ch
D119: Ch
D120: Ch
D121: Ch
D122: Ch
D123: Ch
D124: Ch
D125: Ch
D126: Ch
D127: Ch
D128: Ch
... D136: Ch

Sheet Prog - analytique
B2: PROGRAMME ANALYTIQUE
B4: INFO DOSSIER
B5: # Dossier : | D5: ='Info client'!B4 -> 0
B6: Adresse du site : | D6: ='Info client'!B17 -> 1422 rue Le BER, Sherbrooke
B7: Client : | D7: ='Info client'!B7 -> 9140-7742 Québec Inc.
B8: Responsable; | D8: ='Info client'!B20 -> Line Beaurivage
B9: Téléphone; | D9: ='Info client'!B21 -> 819-239-9921
B10: Contacter avant le départ | F10: Oui | H10: Non
B13: Nom du technicien; | F13: jean François jette
B14: Nom de l'équipement; | F14: Geoprobe
B15: Nom Fichier GPS;
B16: Nom du GPS ;
B19: ANALYSE
B20: Nombre de forage extérieur; | E20: ='Info client'!B25 -> 4
B21: Nombre de forage intérieur; | E21: ='Info client'!B26 -> 3
B22: Nombre de tranchée; | E22: ='Info client'!B27 -> 0
B23: Nombre d'échantillons; | E23: ='Info client'!B28 -> 10
B24: Nombre de duplicata; | E24: ='Info client'!B29 -> 2
B25: Nombre de COV; | E25: =Échantillon!#REF! -> #REF!
B27: Paramètre analysé ; | D27: ='Info client'!C30 -> 0 | E27: 9 à 17 métaux
D28: ='Info client'!C31 -> 0 | E28: Hydrocarbures pétroliers C10-C50
D29: ='Info client'!C32 -> 0 | E29: Hydrocarbures aromatiques polycycliques
D30: ='Info client'!C33 -> 0 | E30: Composés organiques volatils (COV)-HAM+HAC
D31: ='Info client'!C34 -> 0 | E31: ='Info client'!B34 -> 0
D32: ='Info client'!C35 -> 0 | E32: ='Info client'!B35 -> 0
D33: ='Info client'!C36 -> 0 | E33: ='Info client'!B36 -> 0
D34: ='Info client'!C37 -> 0 | E34: ='Info client'!B37 -> 0
D35: ='Info client'!C38 -> 0 | E35: ='Info client'!B38 -> 0
D36: ='Info client'!C39 -> 0 | E36: ='Info client'!B39 -> 0
D37: ='Info client'!C40 -> 0 | E37: ='Info client'!B40 -> 0
D38: ='Info client'!C41 -> 0 | E38: ='Info client'!B41 -> 0
D39: ='Info client'!C42 -> 0
B40: INFORMATION SUPPLÉMENTAIRE

Sheet Plan d'échantillonage
A1: Plan d'échantillonnage
A3: CHANTIER; | B3: ='Prog - analytique'!D5 -> 0
A4: ADRESSE; | B4: ='Prog - analytique'!D6 -> 1422 rue Le BER, Sherbrooke
A7: Nom | B7: Type | C7: Prof. | D7: QTE | E7: A | F7: B | G7: C | H7: DUP | I7: ='Prog - analytique'!E29 -> Hydrocarbures aromatiques polycycliques | J7: ='Prog - analytique'!E27 -> 9 à 17 métaux | K7: ='Prog - analytique'!E28 -> Hydrocarbures pétroliers C10-C50 | L7: ='Prog - analytique'!E30 -> Composés organiques volatils (COV)-HAM+HAC | M7: ='Prog - analytique'!E31 -> 0 | N7: ='Prog - analytique'!E32 -> 0 | O7: ='Prog - analytique'!E33 -> 0 | P7: ='Prog - analytique'!E34 -> 0 | Q7: ='Prog - analytique'!E35 -> 0 | R7: ='Prog - analytique'!E36 -> 0 | S7: ='Prog - analytique'!E37 -> 0 | T7: ='Prog - analytique'!E38 -> 0
A8: F-01 | B8: FOREUSE | C8: 12 | D8: 2 | E8: 2'-5' | F8: der 6'' | H8: 1 | I8: 2 | J8: 2 | K8: 2 | L8: 1 | N8: 1
A9: F-02 | B9: FOREUSE | C9: 12 | D9: 2 | E9: 2'-5' | F9: der 6'' | I9: 2 | J9: 2 | K9: 2 | L9: 1 | N9: 1
A10: F-03 | B10: FOREUSE | C10: 12 | D10: 2 | E10: 2'-5' | F10: der 6'' | H10: 1 | I10: 2 | J10: 2 | K10: 2 | L10: 1 | N10: 1
A11: FM-04 | B11: MANUEL | C11: 4 | D11: 1 | E11: 1'-4' | I11: 1 | J11: 1 | K11: 1
A12: FM-05 | B12: MANUEL | C12: 4 | D12: 1 | E12: 1'-4' | I12: 1 | J12: 1 | K12: 1 | L12: 1 | M12: 1 | O12: 1
A13: FM-06 | B13: MANUEL | C13: 4 | D13: 1 | E13: 1'-4' | I13: 1 | J13: 1 | K13: 1
A14: F-07 | B14: FOREUSE | C14: 4 | D14: 1 | E14: 1'-4' | I14: 1 | J14: 1 | K14: 1
D26: =SUM(D8:D25) -> 10 | H26: =SUM(H8:H25) -> 2 | I26: =SUM(I8:I25) -> 10 | J26: =SUM(J8:J25) -> 10 | K26: =SUM(K8:K25) -> 10 | L26: =SUM(L8:L25) -> 4 | M26: =SUM(M8:M25) -> 1 | N26: =SUM(N8:N25) -> 3 | O26: =SUM(O8:O25) -> 1 | ... T26: =SUM(T8:T25) -> 0
B33: Risque environnementaux vérifier
A34: =A8 -> F-01 | B34: Présence de matière potentiellement contaminé sur le site
A35: =A9 -> F-02 | B35: Présence de remblais de source inconnu
A36: =A10 -> F-03 | B36: Présence de remblais de source inconnu
A37: =A11 -> FM-04 | B37: Présence d'une cheminé de chauffage
A38: =A12 -> FM-05 | B38: Acivité d'imprimerie sur le site
A39: =A13 -> FM-06 | B39: Activité d'usinage sur le site
A40: =A14 -> F-07 | B40: Batiment incendier sur le site
A41: =A15 -> 0
A42: =A16 -> 0
A43: =A17 -> 0
A44: =A18 -> 0
A45: =A19 -> 0
A46: =A20 -> 0
A47: =A21 -> 0
A48: =A22 -> 0
A49: =A23 -> 0
A50: =A24 -> 0
A51: =A25 -> 0
A52: =A26 -> 0

Sheet Prog de forage
A1: Fiche de travail chantier - forage
A3: ='Plan d''échantillonage'!A3 -> CHANTIER; | B3: ='Prog - analytique'!D5 -> 0 | H3: DUP | I3: ='Prog - analytique'!E24 -> 2
A4: ='Plan d''échantillonage'!A4 -> ADRESSE; | B4: ='Prog - analytique'!D6 -> 1422 rue Le BER, Sherbrooke | H4: COV | I4: ='Prog - analytique'!E25 -> #REF!
A6: {=programme} -> Nom | B6: Type | C6: Prof. | D6: QTE | E6: A | F6: B | G6: C | H6: {=risque_liste} -> Risque environnementaux vérifier
A7: F-01 | B7: FOREUSE | C7: 12 | D7: 2 | E7: 2'-5' | F7: der 6'' | G7: 0 | H7: Présence de matière potentiellement contaminé sur le site
A8: F-02 | B8: FOREUSE | C8: 12 | D8: 2 | E8: 2'-5' | F8: der 6'' | G8: 0 | H8: Présence de remblais de source inconnu
A9: F-03 | B9: FOREUSE | C9: 12 | D9: 2 | E9: 2'-5' | F9: der 6'' | G9: 0 | H9: Présence de remblais de source inconnu
A10: FM-04 | B10: MANUEL | C10: 4 | D10: 1 | E10: 1'-4' | F10: 0 | G10: 0 | H10: Présence d'une cheminé de chauffage
A11: FM-05 | B11: MANUEL | C11: 4 | D11: 1 | E11: 1'-4' | F11: 0 | G11: 0 | H11: Acivité d'imprimerie sur le site
A12: FM-06 | B12: MANUEL | C12: 4 | D12: 1 | E12: 1'-4' | F12: 0 | G12: 0 | H12: Activité d'usinage sur le site
A13: F-07 | B13: FOREUSE | C13: 4 | D13: 1 | E13: 1'-4' | F13: 0 | G13: 0 | H13: Batiment incendier sur le site
A14: 0 | B14: 0 | C14: 0 | D14: 0 | E14: 0 | F14: 0 | G14: 0 | H14: 0
A15: 0 | B15: 0 | C15: 0 | D15: 0 | E15: 0 | F15: 0 | G15: 0 | H15: 0
A16: 0 | B16: 0 | C16: 0 | D16: 0 | E16: 0 | F16: 0 | G16: 0 | H16: 0
A17: 0 | B17: 0 | C17: 0 | D17: 0 | E17: 0 | F17: 0 | G17: 0 | H17: 0
A18: 0 | B18: 0 | C18: 0 | D18: 0 | E18: 0 | F18: 0 | G18: 0 | H18: 0
A19: 0 | B19: 0 | C19: 0 | D19: 0 | E19: 0 | F19: 0 | G19: 0 | H19: 0
A20: 0 | B20: 0 | C20: 0 | D20: 0 | E20: 0 | F20: 0 | G20: 0 | H20: 0
A21: 0 | B21: 0 | C21: 0 | D21: 0 | E21: 0 | F21: 0 | G21: 0 | H21: 0
A22: 0 | B22: 0 | C22: 0 | D22: 0 | E22: 0 | F22: 0 | G22: 0 | H22: 0
A23: 0 | B23: 0 | C23: 0 | D23: 0 | E23: 0 | F23: 0 | G23: 0 | H23: 0
A24: 0 | B24: 0 | C24: 0 | D24: 0 | E24: 0 | F24: 0 | G24: 0 | H24: 0
A25: 0 | B25: 0 | C25: 0 | D25: 10 | E25: 0 | F25: 0 | G25: 0 | H25: 0

Sheet Rapport
A1: {=res_2} -> Forage | B1: 0 | C1: 0 | D1: 0 | E1: 0 | I1: {=res_3} -> Rapport et gestion | J1: 0 | K1: 0 | L1: 0 | M1: 0
A2: Maind'œuvre forage | B2: Qte | C2: $/unitaire | D2: . | E2: TOTAL | F2: Qte | G2: Total | I2: ITEM | J2: Qte | K2: Prix / unitaire | L2: 0 | M2: TOTAL | N2: Qte | O2: Total
A3: Mobilisation main d'œuvre (50KM) | B3: 0 | C3: 150 | D3: Km | E3: 0 | G3: =C3*F3 -> 0 | I3: Rapport PHASE 1 | J3: 0 | K3: 1895.228 | L3: Ch | M3: 0 | O3: =K3*N3 -> 0
A4: kilométrage | B4: 0 | C4: 0.9 | D4: Ch | E4: 0 | G4: =C4*F4 -> 0 | I4: Rapport PHASE 1 (prix commercial) | J4: 0 | K4: 1775.442 | L4: Ch | M4: 0 | O4: =K4*N4 -> 0
A5: Temps technicien | B5: 0 | C5: 121.5 | D5: Hr | E5: 0 | G5: =C5*F5 -> 0 | I5: Mise a jour phase 1 envirosol | J5: 0 | K5: 1674.5 | L5: Ch | M5: 0 | O5: =K5*N5 -> 0
A6: Temps tech prélèvement des puits | B6: 0 | C6: 165 | D6: Hr | E6: 0 | G6: =C6*F6 -> 0 | I6: Mise a jour phase 1 compétition | J6: 0 | K6: 1773.8 | L6: Ch | M6: 0 | O6: =K6*N6 -> 0
A7: Chargé de projet | B7: 0 | C7: 195 | D7: Hr | E7: 0 | G7: =C7*F7 -> 0 | I7: Rapport PHASE II et III | J7: 1 | K7: 1200.73 | L7: Ch | M7: 1200.73 | O7: =K7*N7 -> 0
A8: Machinerie de forage | B8: 0 | C8: . | D8: . | E8: . | I8: Rapport Réhabilitation | J8: 0 | K8: 2000.66 | L8: Ch | M8: 0
A9: Mobilisation (50KM) | B9: 1 | C9: 375 | D9: Ch | E9: 375 | G9: =C9*F9 -> 0 | I9: Rédaction Lettre | J9: 0 | K9: 400 | L9: Ch | M9: 0
A10: Kilometre supplémentaire | B10: 0 | C10: 4 | D10: Km | E10: 0 | G10: =C10*F10 -> 0 | I10: Analyse de résultat d'échantillons | J10: 0 | K10: 87.5 | L10: Ch | M10: 0 | O10: =K10*N10 -> 0
A11: Foreuse Manuel (dewalt) | B11: 0 | C11: 166.75 | D11: Hr | E11: 0 | G11: =C11*F11 -> 0 | I11: Plan | J11: 1 | K11: 130 | L11: Ch | M11: 130 | O11: =K11*N11 -> 0
A12: Foreuse 540 (ENVIROSOL) | B12: 0 | C12: 224.25 | D12: Hr | E12: 0 | G12: =C12*F12 -> 0 | I12: Temps / Biologiste | J12: 0 | K12: 180 | L12: Hr | M12: 0 | O12: =K12*N12 -> 0
A13: Foreuse GT8 | B13: 0 | C13: 304.75 | D13: Hr | E13: 0 | G13: =C13*F13 -> 0 | I13: Temps / administration | J13: 0 | K13: 100 | L13: Hr | M13: 0 | O13: =K13*N13 -> 0
A14: Foreuse GT8 (hiver) | B14: 0 | C14: 339.25 | D14: Hr | E14: 0 | G14: =C14*F14 -> 0 | I14: 0 | J14: 0 | K14: 0 | L14: 0 | M14: 0
A15: Foreuse CME55 | B15: 0 | C15: 304.75 | D15: Hr | E15: 0 | G15: =C15*F15 -> 0 | I15: 0 | J15: 0 | K15: 0 | L15: 0 | M15: 0 | O15: =K15*N15 -> 0
A16: Foreuse CME55 (hiver) | B16: 0 | C16: 339.25 | D16: Hr | E16: 0 | G16: =C16*F16 -> 0 | I16: Assurance | J16: 1 | K16: 200 | L16: Hr | M16: 200 | O16: =K16*N16 -> 0
A17: Foreuse GEO 7822 | B17: 0 | C17: 287.5 | D17: Hr | E17: 0 | G17: =C17*F17 -> 0 | I17: 0 | J17: 0 | K17: 0 | L17: Km | M17: 0 | O17: =K17*N17 -> 0
A18: Foreuse GEO 7822 (hiver) | B18: 0 | C18: 322 | D18: Hr | E18: 0 | G18: =C18*F18 -> 0 | I18: 0 | J18: 0 | K18: 0 | L18: Ch | M18: 0 | O18: =K18*N18 -> 0
A19: Options de travaux de forage | B19: 0 | C19: . | D19: . | E19: . | I19: 0 | J19: 0 | K19: 0 | L19: Ch | M19: 0 | O19: =K19*N19 -> 0
A20: Frais hivernal | B20: 0 | C20: 19.5 | D20: Hr | E20: 0 | G20: =C20*F20 -> 0 | I20: 0 | J20: 0 | K20: 0 | L20: 0 | M20: 0 | O20: =K20*N20 -> 0
A21: Liner Géoprobe ( 1 pour 4 pieds) | B21: 0 | C21: 16.675 | D21: Ch | E21: 0 | G21: =C21*F21 -> 0 | I21: 0 | J21: 0 | K21: 0 | L21: 0 | M21: 1530.73 | O21: =K21*N21 -> 0
A22: Sable fin (sac) | B22: 5 | C22: 16.1 | D22: Ch | E22: 80.5 | G22: =C22*F22 -> 0 | I22: Résumé des couts | J22: 0 | K22: 0 | L22: 0 | M22: 0 | O22: =K22*N22 -> 0
A23: Sable (sac) | B23: 0 | C23: 23 | D23: Ch | E23: 0 | G23: =C23*F23 -> 0 | I23: 0 | J23: 0 | K23: 0 | L23: 0 | M23: 0 | O23: =K23*N23 -> 0
A24: Alsphate froide (sac) | B24: 0 | C24: 32.2 | D24: Ch | E24: 0 | G24: =C24*F24 -> 0 | I24: Excavation | J24: 0 | K24: 0 | L24: 0 | M24: 0 | O24: =K24*N24 -> 0
A25: Silice (2 sacs au mêtre) | B25: 0 | C25: 17.25 | D25: Ch | E25: 0 | G25: =C25*F25 -> 0 | I25: Transport et gestion des sols | J25: 0 | K25: 0 | L25: 0 | M25: 0 | O25: =K25*N25 -> 0
A26: Béton (sac) | B26: 2 | C26: 28.75 | D26: Ch | E26: 57.5 | G26: =C26*F26 -> 0 | I26: Remblais | J26: 0 | K26: 0 | L26: 0 | M26: 0 | O26: =K26*N26 -> 0
A27: Carottage de béton | B27: 3 | C27: 63.25 | D27: Ch | E27: 189.75 | G27: =C27*F27 -> 0 | I27: Forage | J27: 0 | K27: 0 | L27: 0 | M27: 702.75 | O27: =K27*N27 -> 0
A28: 0 | B28: 0 | C28: 0 | D28: Ch | E28: 0 | G28: =C28*F28 -> 0 | I28: Analyse chimique des échantillons | J28: 0 | K28: 0 | L28: 0 | M28: 1618.66 | O28: =K28*N28 -> 0
A29: excavatrice | B29: 0 | C29: 155.25 | D29: Ch | E29: 0 | G29: =C29*F29 -> 0 | I29: Frais de gestion et rapport | J29: 0 | K29: 0 | L29: 0 | M29: 1530.73 | O29: =K29*N29 -> 0
A30: 0 | B30: 0 | C30: 0 | D30: Ch | E30: 0 | G30: =C30*F30 -> 0 | I30: 0 | J30: 0 | K30: 0 | L30: 0 | M30: 3852.14 | O30: =K30*N30 -> 0
A31: 0 | B31: 0 | C31: 0 | D31: Ch | E31: 0 | G31: =C31*F31 -> 0 | I31: 0 | J31: 0 | K31: 0 | L31: 0 | M31: 0 | O31: =K31*N31 -> 0
A32: 0 | B32: 0 | C32: 0 | D32: Ch | E32: 0 | G32: =C32*F32 -> 0 | I32: 0 | J32: 0 | K32: 0 | L32: 0 | M32: 0 | O32: =K32*N32 -> 0
A33: Puit d'observation | B33: 0 | C33: 0 | D33: 0 | E33: 0 | G33: =C33*F33 -> 0 | I33: 0 | J33: 0 | K33: 0 | L33: 0 | M33: 0 | O33: =K33*N33 -> 0
A34: Liner | B34: 0 | C34: 20.7 | D34: Ch | E34: 0 | G34: =C34*F34 -> 0 | I34: 0 | J34: 0 | K34: 0 | L34: 0 | M34: 0 | O34: =K34*N34 -> 0
A35: Crepine 1 '' | B35: 0 | C35: 2.875 | D35: Ch | E35: 0 | G35: =C35*F35 -> 0 | I35: 0 | J35: 0 | K35: 0 | L35: 0 | M35: 0 | O35: =K35*N35 -> 0
A36: Crepine 2" (pieds linéaire) | B36: 0 | C36: 7.59 | D36: Ch | E36: 0 | G36: =C36*F36 -> 0 | I36: 0 | J36: 0 | K36: 0 | L36: 0 | M36: 0 | O36: =K36*N36 -> 0
A37: PVC 1" (pieds linéaire) | B37: 0 | C37: 3.45 | D37: Ch | E37: 0 | G37: =C37*F37 -> 0 | I37: 0 | J37: 0 | K37: 0 | L37: 0 | M37: 0 | O37: =K37*N37 -> 0
A38: PVC 2" (pieds linéaire) | B38: 0 | C38: 6.21 | D38: Ch | E38: 0 | G38: =C38*F38 -> 0 | I38: 0 | J38: 0 | K38: 0 | L38: 0 | M38: 0 | O38: =K38*N38 -> 0
A39: Bouchon Liner | B39: 0 | C39: 4.025 | D39: Ch | E39: 0 | G39: =C39*F39 -> 0 | I39: 0 | J39: 0 | K39: 0 | L39: 0 | M39: 0 | O39: =K39*N39 -> 0
A40: Bouchon de fond visé | B40: 0 | C40: 17.25 | D40: Ch | E40: 0 | G40: =C40*F40 -> 0 | I40: 0 | J40: 0 | K40: 0 | L40: 0 | M40: 0 | O40: =K40*N40 -> 0
A41: Bouchon cadnassable 2" | B41: 0 | C41: 32.2 | D41: Ch | E41: 0 | G41: =C41*F41 -> 0 | I41: 0 | J41: 0 | K41: 0 | L41: 0 | M41: 0 | O41: =K41*N41 -> 0
A42: Bentonite | B42: 0 | C42: 34.5 | D42: Ch | E42: 0 | G42: =C42*F42 -> 0 | I42: 0 | J42: 0 | K42: 0 | L42: 0 | M42: 0 | O42: =SUM(O3:O41) -> 0 | P42: =M42-O42 -> 0
A43: Boite service 6'' | B43: 0 | C43: 155.25 | D43: Ch | E43: 0 | G43: =C43*F43 -> 0 | I43: 0 | J43: 0 | K43: 0 | L43: 0 | M43: 0 | O43: =K43*N43 -> 0
A44: Carottage de béton | B44: 0 | C44: 16.1 | D44: Ch | E44: 0 | G44: =C44*F44 -> 0 | I44: 0 | J44: 0 | K44: 0 | L44: 0 | M44: 0 | O44: =K44*N44 -> 0
A45: Sable fin (sac) | B45: 0 | C45: 23 | D45: Ch | E45: 0 | G45: =C45*F45 -> 0 | I45: 0 | J45: 0 | K45: 0 | L45: 0 | M45: 0 | O45: =K45*N45 -> 0
A46: Sable (sac) | B46: 0 | C46: 32.2 | D46: Ch | E46: 0 | G46: =C46*F46 -> 0 | I46: 0 | J46: 0 | K46: 0 | L46: 0 | M46: 0 | O46: =K46*N46 -> 0
A47: Alsphate froide (sac) | B47: 0 | C47: 17.25 | D47: Ch | E47: 0 | G47: =C47*F47 -> 0 | I47: 0 | J47: 0 | K47: 0 | L47: 0 | M47: 0 | O47: =K47*N47 -> 0
A48: Silice (2 sacs au mêtre) | B48: 0 | C48: 28.75 | D48: Ch | E48: 0 | G48: =C48*F48 -> 0 | I48: 0 | J48: 0 | K48: 0 | L48: 0 | M48: 0 | O48: =K48*N48 -> 0
A49: Béton (sac) | B49: 0 | C49: 31.05 | D49: Ch | E49: 0 | G49: =C49*F49 -> 0 | I49: 0 | J49: 0 | K49: 0 | L49: 0 | M49: 0 | O49: =K49*N49 -> 0
A50: Garde hors sol | B50: 0 | C50: 188.6 | D50: Ch | E50: 0 | G50: =C50*F50 -> 0 | I50: 0 | J50: 0 | K50: 0 | L50: 0 | M50: 0 | O50: =K50*N50 -> 0
A51: Mélangeur a ciment | B51: 0 | C51: 57.5 | D51: Jr | E51: 0 | G51: =C51*F51 -> 0 | I51: 0 | J51: 0 | K51: 0 | L51: 0 | M51: 0 | O51: =K51*N51 -> 0
A52: 0 | B52: 0 | C52: 0 | D52: Ch | E52: 0 | G52: =C52*F52 -> 0 | I52: 0 | J52: 0 | K52: 0 | L52: 0 | M52: 0 | O52: =K52*N52 -> 0
A53: 0 | B53: 0 | C53: 0 | D53: . | E53: 0 | G53: =C53*F53 -> 0 | I53: 0 | J53: 0 | K53: 0 | L53: 0 | M53: 0 | O53: =K53*N53 -> 0
A54: 0 | B54: 0 | C54: 0 | D54: . | E54: 0 | G54: =C54*F54 -> 0 | I54: 0 | J54: 0 | K54: 0 | L54: 0 | M54: 0 | O54: =K54*N54 -> 0
A55: 0 | B55: 0 | C55: 0 | D55: . | E55: 0 | G55: =SUM(G3:G54) -> 0 | H55: =E55-G55 -> 0 | I55: 0 | J55: 0 | K55: 0 | L55: 0 | M55: 0 | O55: =K55*N55 -> 0
A56: 0 | B56: 0 | C56: 0 | D56: . | E56: 0 | G56: =C56*F56 -> 0 | I56: 0 | J56: 0 | K56: 0 | L56: 0 | M56: 0 | O56: =K56*N56 -> 0
A57: Analyse chimique des échantillons | B57: 0 | C57: 0 | D57: 0 | E57: 702.75 | G57: =C57*F57 -> 0 | I57: 0 | J57: 0 | K57: 0 | L57: 0 | M57: 0 | O57: =K57*N57 -> 0
A58: Métaux | B58: 7 | C58: 46 | D58: 0 | E58: 322 | I58: 0 | J58: 0 | K58: 0 | L58: 0 | M58: 0 | O58: =K58*N58 -> 0
A59: C10C50 | B59: 7 | C59: 51.18 | D59: Ch | E59: 358.26 | G59: =C59*F59 -> 0 | I59: 0 | J59: 0 | K59: 0 | L59: 0 | M59: 0 | O59: =K59*N59 -> 0
A60: HAP | B60: 7 | C60: 78.2 | D60: Ch | E60: 547.4 | G60: =C60*F60 -> 0 | I60: 0 | J60: 0 | K60: 0 | L60: 0 | M60: 0 | O60: =K60*N60 -> 0
A61: COV-HAM-HAC | B61: 5 | C61: 78.2 | D61: Ch | E61: 391 | G61: =C61*F61 -> 0 | I61: 0 | J61: 0 | K61: 0 | L61: 0 | M61: 0 | O61: =K61*N61 -> 0
A62: C-Phélonique | B62: 0 | C62: 95.45 | D62: Ch | E62: 0 | G62: =C62*F62 -> 0 | I62: 0 | J62: 0 | K62: 0 | L62: 0 | M62: 0 | O62: =K62*N62 -> 0
A63: Coli-phéco | B63: 0 | C63: 24.73 | D63: Ch | E63: 0 | G63: =C63*F63 -> 0 | I63: 0 | J63: 0 | K63: 0 | L63: 0 | M63: 0 | O63: =K63*N63 -> 0
A64: Entérocoques | B64: 0 | C64: 16.68 | D64: Ch | E64: 0 | G64: =C64*F64 -> 0 | I64: 0 | J64: 0 | K64: 0 | L64: 0 | M64: 0 | O64: =K64*N64 -> 0
A65: bromur-chlorure-fluorure-nitrate-sulfate eau | B65: 0 | C65: 31.63 | D65: Ch | E65: 0 | G65: =C65*F65 -> 0 | I65: 0 | J65: 0 | K65: 0 | L65: 0 | M65: 0 | O65: =K65*N65 -> 0
A66: bromur-chlorure-fluorure-nitrate-sulfate | B66: 0 | C66: 37.95 | D66: Ch | E66: 0 | G66: =C66*F66 -> 0 | I66: 0 | J66: 0 | K66: 0 | L66: 0 | M66: 0 | O66: =K66*N66 -> 0
A67: Azote ammoniacal | B67: 0 | C67: 41.98 | D67: Ch | E67: 0 | G67: =C67*F67 -> 0 | I67: 0 | J67: 0 | K67: 0 | L67: 0 | M67: 0 | O67: =K67*N67 -> 0
A68: Azote ammoniacal eau | B68: 0 | C68: 23 | D68: Ch | E68: 0 | G68: =C68*F68 -> 0 | I68: 0 | J68: 0 | K68: 0 | L68: 0 | M68: 0 | O68: =K68*N68 -> 0
A69: Azote Kjeldahl | B69: 0 | C69: 29.33 | D69: Ch | E69: 0 | G69: =C69*F69 -> 0 | I69: 0 | J69: 0 | K69: 0 | L69: 0 | M69: 0 | O69: =K69*N69 -> 0
A70: Azote Kjeldahl eau | B70: 0 | C70: 24.73 | D70: Ch | E70: 0 | G70: =C70*F70 -> 0 | I70: 0 | J70: 0 | K70: 0 | L70: 0 | M70: 0 | O70: =K70*N70 -> 0
A71: dureté eau | B71: 0 | C71: 33.35 | D71: Ch | E71: 0 | G71: =C71*F71 -> 0 | O71: =K71*N71 -> 0
A72: Conductivité | B72: 0 | C72: 24.73 | D72: Ch | E72: 0 | G72: =C72*F72 -> 0
A73: Cyanures totaux | B73: 0 | C73: 33.35 | D73: Ch | E73: 0 | G73: =C73*F73 -> 0 | O73: =K73*N73 -> 0
A74: Fluorures disponibles | B74: 0 | C74: 21.85 | D74: Ch | E74: 0 | G74: =C74*F74 -> 0 | O74: =K74*N74 -> 0
A75: Matières en suspension (MES) eau | B75: 0 | C75: 21.85 | D75: Ch | E75: 0 | G75: =C75*F75 -> 0 | O75: =K75*N75 -> 0
A76: PH | B76: 0 | C76: 17.25 | D76: Ch | E76: 0 | G76: =C76*F76 -> 0 | O76: =K76*N76 -> 0
A77: Phosphore Total Trace eau | B77: 0 | C77: 26.45 | D77: Ch | E77: 0 | G77: =C77*F77 -> 0 | O77: =K77*N77 -> 0
A78: Phosphores totaux eau | B78: 0 | C78: 24.73 | D78: Ch | E78: 0 | G78: =C78*F78 -> 0 | O78: =K78*N78 -> 0
A79: Phtalate eau | B79: 0 | C79: 28.75 | D79: Ch | E79: 0 | G79: =C79*F79 -> 0 | O79: =K79*N79 -> 0
A80: Phtalate | B80: 0 | C80: 16.68 | D80: Ch | E80: 0 | G80: =C80*F80 -> 0 | O80: =K80*N80 -> 0
A81: Soufre | B81: 0 | C81: 12.65 | D81: Ch | E81: 0 | G81: =C81*F81 -> 0 | O81: =K81*N81 -> 0
A82: Sulfures eau | B82: 0 | C82: 46.58 | D82: Ch | E82: 0 | G82: =C82*F82 -> 0 | O82: =K82*N82 -> 0
A83: C10C50 eau | B83: 0 | C83: 33.35 | D83: Ch | E83: 0 | G83: =C83*F83 -> 0 | O83: =K83*N83 -> 0
A84: HAP eau | B84: 0 | C84: 277.04 | D84: Ch | E84: 0 | G84: =C84*F84 -> 0 | O84: =K84*N84 -> 0
... A89: Dioxine-furane | B89: 0 | C89: 60.38 | D89: Ch | E89: 0 | G89: =C89*F89 -> 0 | O89: =K89*N89 -> 0
A90: Oxygène dissous | B90: 0 | C90: 24.15 | D90: Ch | E90: 0 | G90: =C90*F90 -> 0
A91: Chlore total | B91: 0 | C91: 89.13 | D91: Ch | E91: 0 | G91: =C91*F91 -> 0 | O91: =SUM(O73:O90) -> 0 | P91: =M91-O91 -> 0
A92: Toxicité des truites concentration multiple eau | B92: 0 | C92: 60.38 | D92: Ch | E92: 0 | G92: =C92*F92 -> 0
A93: Toxicité des daphnies eau | B93: 0 | C93: 60.38 | D93: Ch | E93: 0 | G93: =C93*F93 -> 0
A94: Pesticides glyphosates | B94: 0 | C94: 142.72 | D94: Ch | E94: 0 | G94: =C94*F94 -> 0 | O94: =#REF! -> #REF!
A95: HAC | B95: 0 | C95: 94.19 | D95: Ch | E95: 0 | G95: =C95*F95 -> 0 | O95: =O42 -> 0
A96: Glycols | B96: 0 | C96: 1324.8 | D96: Ch | E96: 0 | G96: =C96*F96 -> 0 | O96: =#REF! -> #REF!
A97: Chrome hexavalent | B97: 0 | C97: 18.98 | D97: Ch | E97: 0 | G97: =C97*F97 -> 0 | O97: =G55 -> 0
A98: Chrome hexavalent eau | B98: 0 | C98: 14.38 | D98: Ch | E98: 0 | G98: =C98*F98 -> 0 | O98: =G137 -> 0
A99: Cyanures totaux eau | B99: 0 | C99: 546.25 | D99: Ch | E99: 0 | G99: =C99*F99 -> 0 | O99: =O91 -> 0
A100: Phénol | B100: 0 | C100: 316.25 | D100: Ch | E100: 0 | G100: =C100*F100 -> 0 | O100: =SUM(O94:O99) -> #REF! | P100: =M100-O100 -> #REF!
A101: Phosphore | B101: 0 | C101: 199.53 | D101: Ch | E101: 0 | G101: =C101*F101 -> 0
A102: Lixiviation TLCP 1312 | B102: 0 | C102: 71.3 | D102: Ch | E102: 0 | G102: =C102*F102 -> 0
A103: RMD- Lixiviation + analyse | B103: 0 | C103: 126.5 | D103: Ch | E103: 0 | G103: =C103*F103 -> 0
A104: Amiante | B104: 0 | C104: 59.23 | D104: Ch | E104: 0 | G104: =C104*F104 -> 0
...

Sheet Données
B1: type de chantier | D1: site de gestion des sols contaminés | F1: camion nom | H1: camion tonnage | J1: contaminant des sites | L1: catégorie | N1: type | P1: profondeur | R1: Type de forage | T1: Revêtement du forage | V1: machineire | X1: Profondeur | Z1: CALCUL DU PROFIT
B2: Phase 1 | D2: Englobe (sherbrooke) | F2: 10 roues | H2: 15 | J2: Hydrocarbure C10-C50 | L2: A | N2: MANUEL | P2: 0''-6'' | R2: Forage manuel | T2: Naturel | V2: Foreuse Manuel (dewalt) | X2: < 5' | Z2: =Forage!H57+T_ECHANTILLONS[[#Totals],[S/Total]]+'Rapport et gestion'!D17 -> 2427 | AA2: =(AB2-Z2) -> 1425.14 | AB2: ='Info client'!B54 -> 3852.14
B3: Phase 2 | D3: Enfouibec (bécancour) | F3: 12 roues | H3: 18 | J3: Métaux | L3: A-B | N3: EXCAVATRICE | P3: 0''-12'' | R3: Forage mécanique | T3: Asphalte | V3: Foreuse 540 (ENVIROSOL) | X3: 8' | Z3: % PROFIT | AA3: =(AB2-Z2)/AB2 -> 0.36996059
B4: Phase 3 | D4: Englobe (thetford mines) | F4: semi 2 ess. | H4: 25 | J4: Amiante | L4: B | N4: FOREUSE | P4: 0''-4' | R4: Tranché (excavatrice) | T4: Béton | V4: Foreuse GT8 | X4: 10'
B5: Réhabilitation Décontamination | F5: semi 3 ess. | H5: 30 | J5: Argent | L5: B-C | N5: PUIT D'OBSERVATION | P5: 1'-4' | R5: Puit d'observation | T5: Béton avec chauffage | V5: Foreuse CME55 | X5: 14'
B6: Délimitation Milieux Naturelle | J6: Arsenic | L6: C | N6: MANUEL EXT | P6: 2'-5' | T6: Roc | V6: Foreuse GEO 7822 | X6: 16'
B7: Caractérisation Milieux Naturelle | J7: Baryum | L7: C-RESC | N7: FOREUSE INTÉRIEUR | P7: 3'-7' | V7: Excavatrice | X7: 18'
B8: Analyse de sol | J8: Cadium | L8: RESC | N8: PUIT D'OBSERVATION | P8: der 6'' | X8: 20'
B9: Analyse d'échantillons | J9: Chrome | L9: Béton W/arm | N9: INTERIEUR | P9: ? | X9: >20'
B10: Plan | J10: Cobalt | L10: Béton | N10: EXTERIEUR | P10: 4'-7'
B11: Demande d'autorisation | J11: Cuivre | L11: Asphalte | N11: TRANCHÉ | P11: 7'-10'
B12: Certificat d'autorisation | J12: Étain | N12: FORAGE DU RÉSERVOIR | P12: 10'-13'
B13: Catégorisation des sols | J13: Manganèse | N13: FORAGE DU REMBLAIS | P13: 13'-16'
B14: Étude Floristique | J14: Molybdène | N14: MANUEL EXT | P14: 16'-19'
B15: Étude sur rainette faux-grillon | J15: Nickel | P15: 19'-22'
B16: Prise d'échantillon | J16: Plomb
J17: Zinc

Sheet Tableau d'entente
A1: Résumé des couts caractérisation environnementale Phase II | E1: Date; | G1: Signature; | I1: Résumé des analyses chimique
A2: Item | D2: Coût (avant taxe) | I2: Item analysé | J2: Qte d'échantillon
A3: Travaux de chantier | E3: Nom du signataire autorisé(en lettre moulées); | I3: {=_xlfn._xlws.FILTER(Échantillon!#REF!,Échantillon!#REF!)} -> #REF!
A4: Ingénérie et supervision du projet | D4: =Résumé!E56 -> 0 | E4: Client a facturer;
A5: Supervision des travaux, déplacement et mobilisation des équipements | E5: Courriel des compte a payer;
A6: Localisation des sondages, récupération et gestion des échantillons
A7: *Travaux de forage, temps et materiel | B7: =SUM(Forage!F11:F18) -> 0 | C7: Hr
A8: Rapport et gestion
A9: Caractérisation environnemntale Phase II | D9: =Résumé!J21 -> 1530.73
A10: Total | D10: =Résumé!J30 -> 3852.14
A11: *La durée des travaux de forage a été estimée sur | B11: =B7 -> 0 | C11: =C7 -> Hr
A12: Si plus d'heures sont requises, des frais additionnels de 395,00 $/h seront facturés

Sheet merge info
A1: Nom du client: | B1: Entreprise du client: | C1: Adresse: | D1: Téléphone: | E1: Adresse du site à l’étude: | F1: # de lot (s) :
